Workbook

Sheet FIX PRICE
L2: =IF(H3="RUS",1,2) -> 1
G3: Язык / Language | H3: RUS | L3: 1 | M3: 2
L4: RUS | M4: ENG
B5: =CHOOSE($L$2,L5,M5) -> Содержание | L5: Содержание | M5: Table of Contents
B7: =CHOOSE($L$2,L7,M7) -> Отчет о Совокупном доходе | D7: 1 | L7: Отчет о Совокупном доходе | M7: Consolidated Statement of Comprehensive Income
B8: =CHOOSE($L$2,L8,M8) -> Отчет о Финансовом положении | D8: 2 | L8: Отчет о Финансовом положении | M8: Consolidated Statement of Financial Position
B9: =CHOOSE($L$2,L9,M9) -> Отчет о Движении денежных средств | D9: 3 | L9: Отчет о Движении денежных средств | M9: Consolidated Statement of Cash Flows
B10: =CHOOSE($L$2,L10,M10) -> Коммерческие, общехозяйственные и административные расходы (SG&A) | D10: 4 | L10: Коммерческие, общехозяйственные и административные расходы (SG&A) | M10: Selling, General and Administrative Expenses (SG&A)
B11: =CHOOSE($L$2,L11,M11) -> EBITDA | D11: 5 | L11: EBITDA | M11: EBITDA
B12: =CHOOSE($L$2,L12,M12) -> Чистый долг | D12: 6 | L12: Чистый долг | M12: Debt Structure
B13: =CHOOSE($L$2,L13,M13) -> Магазины и торговая площадь | D13: 7 | L13: Магазины и торговая площадь | M13: Stores and Selling Space
B14: =CHOOSE($L$2,L14,M14) -> Географический охват магазинов | D14: 8 | L14: Географический охват магазинов | M14: Stores Geographic Split
B15: =CHOOSE($L$2,L15,M15) -> Like-for-Like показатели | D15: 9 | L15: Like-for-Like показатели | M15: Like-for-Like Metrics
B16: =CHOOSE($L$2,L16,M16) -> Операционные данные | D16: 10 | L16: Операционные данные | M16: Other Operating Metrics
B26: =CHOOSE($L$2,L26,M26) -> Контакты отдела по связям с инвесторами Фикс Прайс | L26: Контакты отдела по связям с инвесторами Фикс Прайс | M26: Fix Price Investor Relations Contact
B27: =CHOOSE($L$2,L27,M27) -> investors@fix-price.ru | L27: investors@fix-price.ru | M27: investors@fix-price.ru

Sheet 1
B2: =CHOOSE('FIX PRICE'!$L$2,Z2,AA2) -> Консолидированный отчет о Совокупном доходе | C2: =CHOOSE('FIX PRICE'!$L$2,Z3,AA3) -> Содержание | Z2: Консолидированный отчет о Совокупном доходе | AA2: Consolidated Statement of Comprehensive Income
Z3: Содержание | AA3: Table of Contents
C4: IFRS 16 | D4: IFRS 16 | E4: IFRS 16 | F4: IFRS 16 | G4: IFRS 16 | I4: IFRS 16 | J4: IFRS 16 | L4: IFRS 16 | M4: IFRS 16 | N4: IFRS 16 | P4: IFRS 16 | Q4: IFRS 16 | R4: IFRS 16 | S4: IFRS 16 | T4: IFRS 16 | U4: IFRS 16 | V4: IFRS 16 | W4: IFRS 16
B5: =CHOOSE('FIX PRICE'!$L$2,Z5,AA5) -> в миллионах российских рублей | C5: 2021 | D5: 2022 | E5: 2023 | F5: 2024 | G5: 2025 | I5: 9М 2024 | J5: 9М 2025 | L5: =CHOOSE('FIX PRICE'!$L$2,AC6,AC5) -> 1П 2024 | M5: =CHOOSE('FIX PRICE'!$L$2,AD6,AD5) -> 1П 2025 | N5: =CHOOSE('FIX PRICE'!$L$2,AE6,AE5) -> 1П 2026 | P5: =CHOOSE('FIX PRICE'!$L$2,AG6,AG5) -> 3КВ 2024 | Q5: =CHOOSE('FIX PRICE'!$L$2,AH6,AH5) -> 4КВ 2024 | R5: =CHOOSE('FIX PRICE'!$L$2,AI6,AI5) -> 1КВ 2025 | S5: =CHOOSE('FIX PRICE'!$L$2,AJ6,AJ5) -> 2КВ 2025 | T5: =CHOOSE('FIX PRICE'!$L$2,AK6,AK5) -> 3КВ 2025 | U5: =CHOOSE('FIX PRICE'!$L$2,AL6,AL5) -> 4КВ 2025 | V5: =CHOOSE('FIX PRICE'!$L$2,AM6,AM5) -> 1КВ 2026 | W5: =CHOOSE('FIX PRICE'!$L$2,AN6,AN5) -> 2КВ 2026 | Z5: в миллионах российских рублей | AA5: In millions of Russian roubles | AC5: H1 2024 | AD5: H1 2025 | AE5: H1 2026 | AG5: 3Q 2024 | AH5: 4Q 2024 | AI5: 1Q 2025 | AJ5: 2Q 2025 | AK5: 3Q 2025 | AL5: 4Q 2025 | AM5: 1Q 2026 | AN5: 2Q 2026
B6: =CHOOSE('FIX PRICE'!$L$2,Z6,AA6) -> Выручка | C6: 225648 | D6: 271636 | E6: 280878 | F6: 300311 | G6: 313330 | I6: 216898 | J6: 227784 | L6: 141795 | M6: 148216 | N6: 155335 | P6: 75103 | Q6: 83413 | R6: 71299 | S6: 76917 | T6: 79568 | U6: 85546 | V6: 73117 | W6: 82218 | Z6: Выручка | AA6: Revenue | AC6: 1П 2024 | AD6: 1П 2025 | AE6: 1П 2026 | AG6: 3КВ 2024 | AH6: 4КВ 2024 | AI6: 1КВ 2025 | AJ6: 2КВ 2025 | AK6: 3КВ 2025 | AL6: 4КВ 2025 | AM6: 1КВ 2026 | AN6: 2КВ 2026
B7: =CHOOSE('FIX PRICE'!$L$2,Z7,AA7) -> Розничная выручка | C7: 187210 | D7: 228827 | E7: 236011 | F7: 254903 | G7: 275717 | I7: 182684 | J7: 199794 | L7: 118601 | M7: 129540 | N7: 138188 | P7: 64083 | Q7: 72219 | R7: 61826 | S7: 67714 | T7: 70254 | U7: 75923 | V7: 64595 | W7: 73593 | Z7: Розничная выручка | AA7: Retail
B8: =CHOOSE('FIX PRICE'!$L$2,Z8,AA8) -> Оптовая выручка | C8: 38438 | D8: 42809 | E8: 44867 | F8: 45408 | G8: 37613 | I8: 34214 | J8: 27990 | L8: 23194 | M8: 18676 | N8: 17147 | P8: 11020 | Q8: 11194 | R8: 9473 | S8: 9203 | T8: 9314 | U8: 9623 | V8: 8522 | W8: 8625 | Z8: Оптовая выручка | AA8: Wholesale
B9: =CHOOSE('FIX PRICE'!$L$2,Z9,AA9) -> Себестоимость продаж | C9: -156677 | D9: -184778 | E9: -190393 | F9: -205515 | G9: -213911 | I9: -149281 | J9: -156126 | L9: -97652 | M9: -101909 | N9: -104309 | P9: -51629 | Q9: -56234 | R9: -49279 | S9: -52630 | T9: -54217 | U9: -57785 | V9: -49835 | W9: -54474 | Z9: Себестоимость продаж | AA9: Cost of sales
B10: =CHOOSE('FIX PRICE'!$L$2,Z10,AA10) -> Валовая прибыль | C10: 68971 | D10: 86858 | E10: 90485 | F10: 94796 | G10: 99419 | I10: 67617 | J10: 71658 | L10: 44143 | M10: 46307 | N10: 51026 | P10: 23474 | Q10: 27179 | R10: 22020 | S10: 24287 | T10: 25351 | U10: 27761 | V10: 23282 | W10: 27744 | Z10: Валовая прибыль | AA10: Gross profit
B11: =CHOOSE('FIX PRICE'!$L$2,Z11,AA11) -> Валовая маржа, % | C11: 0.30565748 | D11: 0.31975879 | E11: 0.32215054 | F11: 0.31565943 | G11: 0.31729806 | I11: 0.31174561 | J11: 0.3145875 | L11: 0.31131563 | M11: 0.31242916 | N11: 0.32849004 | P11: 0.31255742 | Q11: 0.3258365 | R11: 0.30884024 | S11: 0.31575594 | T11: 0.31860798 | U11: 0.32451547 | V11: 0.31842116 | W11: 0.33744436 | Z11: Валовая маржа, % | AA11: Gross profit margin, %
B12: =CHOOSE('FIX PRICE'!$L$2,Z12,AA12) -> Коммерческие, общехозяйственные и административные расходы | C12: -40337 | D12: -49787 | E12: -58271 | F12: -65959 | G12: -80107 | I12: -50196 | J12: -59672 | L12: -32908 | M12: -39298 | N12: -44712 | P12: -17288 | Q12: -15763 | R12: -19358 | S12: -19940 | T12: -20374 | U12: -20435 | V12: -21391 | W12: -23321 | Z12: Коммерческие, общехозяйственные и административные расходы | AA12: Selling, general and administrative expenses
B13: =CHOOSE('FIX PRICE'!$L$2,Z13,AA13) -> Прочие операционные доходы | C13: 546 | D13: 865 | E13: 570 | F13: 545 | G13: 646 | I13: 405 | J13: 451 | L13: 283 | M13: 283 | N13: 336 | P13: 122 | Q13: 140 | R13: 116 | S13: 167 | T13: 168 | U13: 195 | V13: 148 | W13: 188 | Z13: Прочие операционные доходы | AA13: Other operating income
B14: =CHOOSE('FIX PRICE'!$L$2,Z14,AA14) -> Доля в прибыли ассоциированных предприятий | C14: 44 | D14: 69 | E14: 65 | F14: 48 | G14: 49 | I14: 34 | J14: 40 | L14: 27 | M14: 33 | N14: 9 | P14: 7 | Q14: 14 | R14: 19 | S14: 14 | T14: 7 | U14: 9 | V14: 5 | W14: 4 | Z14: Доля в прибыли ассоциированных предприятий | AA14: Share of profit of associates
B15: =CHOOSE('FIX PRICE'!$L$2,Z15,AA15) -> Операционная прибыль | C15: 29224 | D15: 38005 | E15: 32849 | F15: 29430 | G15: 20007 | I15: 17860 | J15: 12477 | L15: 11545 | M15: 7325 | N15: 6659 | P15: 6315 | Q15: 11570 | R15: 2797 | S15: 4528 | T15: 5152 | U15: 7530 | V15: 2044 | W15: 4615 | Z15: Операционная прибыль | AA15: Operating profit
B16: =CHOOSE('FIX PRICE'!$L$2,Z16,AA16) -> Операционная маржа, % | C16: 0.12951145 | D16: 0.1399115 | E16: 0.11695113 | F16: 0.097998408 | G16: 0.063852807 | I16: 0.082342852 | J16: 0.054775577 | L16: 0.08142036 | M16: 0.049421115 | N16: 0.042868639 | P16: 0.084084524 | Q16: 0.1387074 | R16: 0.039229162 | S16: 0.058868651 | T16: 0.064749648 | U16: 0.088022818 | V16: 0.027955195 | W16: 0.056131261 | Z16: Операционная маржа, % | AA16: Operating profit margin, %
B17: =CHOOSE('FIX PRICE'!$L$2,Z17,AA17) -> Процентные доходы | C17: 74 | D17: 264 | E17: 2157 | F17: 3504 | G17: 105 | I17: 2871 | J17: 62 | L17: 1757 | M17: 32 | N17: 152 | P17: 1114 | Q17: 633 | R17: 10 | S17: 22 | T17: 30 | U17: 43 | V17: 57 | W17: 95 | Z17: Процентные доходы | AA17: Interest income
B18: =CHOOSE('FIX PRICE'!$L$2,Z18,AA18) -> Процентные расходы | C18: -1652 | D18: -3227 | E18: -2832 | F18: -4735 | G18: -5516 | I18: -3316 | J18: -4100 | L18: -1972 | M18: -2769 | N18: -2663 | P18: -1344 | Q18: -1419 | R18: -1381 | S18: -1388 | T18: -1331 | U18: -1416 | V18: -1278 | W18: -1385 | Z18: Процентные расходы | AA18: Interest expense
... B23: =CHOOSE('FIX PRICE'!$L$2,Z23,AA23) -> Маржа по прибыли за период, % | C23: 0.089843473 | D23: 0.072188517 | E23: 0.10628458 | F23: 0.071249471 | G23: 0.035668465 | I23: 0.059793082 | J23: 0.028136305 | L23: 0.062548045 | M23: 0.026312949 | N23: 0.017568481 | P23: 0.054591694 | Q23: 0.10103941 | R23: 0.023745074 | S23: 0.028693267 | T23: 0.031532777 | U23: 0.055724406 | V23: 0.0024071009 | W23: 0.031051595 | Z23: Маржа по прибыли за период, % | AA23: Net profit margin, %

Sheet 2
B2: =CHOOSE('FIX PRICE'!$L$2,P2,Q2) -> Консолидированный отчет о Финансовом положении | C2: =CHOOSE('FIX PRICE'!$L$2,P4,Q4) -> Содержание | P2: Консолидированный отчет о Финансовом положении | Q2: Consolidated Statement of Financial Position
C4: IFRS 16 | D4: IFRS 16 | E4: IFRS 16 | F4: IFRS 16 | G4: IFRS 16 | H4: IFRS 16 | I4: IFRS 16 | J4: IFRS 16 | K4: IFRS 16 | L4: IFRS 16 | M4: IFRS 16 | N4: IFRS 16 | P4: Содержание | Q4: Table of Contents
B5: =CHOOSE('FIX PRICE'!$L$2,P5,Q5) -> в миллионах российских рублей | C5: 31.12.2021 | D5: 31.12.2022 | E5: 31.12.2023 | F5: 30.06.2024 | G5: 30.09.2024 | H5: 31.12.2024 | I5: 31.03.2025 | J5: 30.06.2025 | K5: 30.09.2025 | L5: 31.12.2025 | M5: 31.03.2026 | N5: 30.06.2026 | P5: в миллионах российских рублей | Q5: In millions of Russian roubles
B6: =CHOOSE('FIX PRICE'!$L$2,P6,Q6) -> Активы | P6: Активы | Q6: ASSETS
B7: =CHOOSE('FIX PRICE'!$L$2,P7,Q7) -> Внеоборотные активы | C7: 38131 | D7: 47926 | E7: 49451 | F7: 48921 | G7: 49871 | H7: 53338 | I7: 55006 | J7: 57005 | K7: 59273 | L7: 64456 | M7: 65877 | N7: 70056 | P7: Внеоборотные активы | Q7: Non-current assets
B8: =CHOOSE('FIX PRICE'!$L$2,P8,Q8) -> Основные средства | C8: 16963 | D8: 18465 | E8: 27386 | F8: 27676 | G8: 28334 | H8: 29175 | I8: 29602 | J8: 30299 | K8: 31406 | L8: 35897 | M8: 36379 | N8: 37421 | P8: Основные средства | Q8: Property, plant and equipment
B9: =CHOOSE('FIX PRICE'!$L$2,P9,Q9) -> Инвестиционная недвижимость | C9: 0 | D9: 0 | E9: 343 | F9: 340 | G9: 338 | H9: 337 | I9: 335 | J9: 333 | K9: 332 | L9: 387 | M9: 13 | N9: 13 | P9: Инвестиционная недвижимость | Q9: Investment property
B10: =CHOOSE('FIX PRICE'!$L$2,P10,Q10) -> Гудвилл | C10: 0 | D10: 0 | E10: 0 | F10: 0 | G10: 0 | H10: 0 | I10: 0 | J10: 0 | K10: 0 | L10: 0 | M10: 0 | N10: 0 | P10: Гудвилл | Q10: Goodwill
B11: =CHOOSE('FIX PRICE'!$L$2,P11,Q11) -> Нематериальные активы | C11: 12710 | D11: 11614 | E11: 10477 | F11: 9910 | G11: 9717 | H11: 9523 | I11: 9283 | J11: 9122 | K11: 8859 | L11: 8669 | M11: 8520 | N11: 8618 | P11: Нематериальные активы | Q11: Intangible assets
B12: =CHOOSE('FIX PRICE'!$L$2,P12,Q12) -> Авансы на приобретение основных средств | C12: 540 | D12: 7257 | E12: 299 | F12: 207 | G12: 364 | H12: 2018 | I12: 2534 | J12: 2925 | K12: 3299 | L12: 462 | M12: 380 | N12: 370 | P12: Авансы на приобретение основных средств | Q12: Capital advances
B13: =CHOOSE('FIX PRICE'!$L$2,P13,Q13) -> Активы в форме права пользования | C13: 7707 | D13: 10520 | E13: 10885 | F13: 10764 | G13: 11091 | H13: 12262 | I13: 13218 | J13: 14316 | K13: 15359 | L13: 18743 | M13: 20226 | N13: 23305 | P13: Активы в форме права пользования | Q13: Right-of-use assets
B14: =CHOOSE('FIX PRICE'!$L$2,P14,Q14) -> Прочие авансы выданные | C14: 0 | D14: 0 | E14: 0 | F14: 0 | G14: 0 | H14: 0 | I14: 0 | J14: 0 | K14: 0 | L14: 0 | M14: 0 | N14: 0 | P14: Прочие авансы выданные | Q14: Operating lease deposits
B15: =CHOOSE('FIX PRICE'!$L$2,P15,Q15) -> Займы выданные | C15: 153 | D15: 0 | E15: 0 | F15: 0 | G15: 0 | H15: 0 | I15: 0 | J15: 0 | K15: 0 | L15: 0 | M15: 0 | N15: 0 | P15: Займы выданные | Q15: Long-term investments
B16: =CHOOSE('FIX PRICE'!$L$2,P16,Q16) -> Дебиторская задолженность и прочие внеоборотные активы | C16: 0 | D16: 0 | E16: 0 | F16: 0 | G16: 0 | H16: 0 | I16: 0 | J16: 0 | K16: 0 | L16: 276 | M16: 334 | N16: 312 | P16: Дебиторская задолженность и прочие внеоборотные активы | Q16: Receivables and other non-current assets
B17: =CHOOSE('FIX PRICE'!$L$2,P17,Q17) -> Инвестиции в ассоциированные предприятия | C17: 58 | D17: 70 | E17: 61 | F17: 24 | G17: 27 | H17: 23 | I17: 34 | J17: 10 | K17: 18 | L17: 22 | M17: 25 | N17: 17 | P17: Инвестиции в ассоциированные предприятия | Q17: Investment in associates
B18: =CHOOSE('FIX PRICE'!$L$2,P18,Q18) -> Оборотные активы | C18: 52136 | D18: 69554 | E18: 85425 | F18: 89228 | G18: 91938 | H18: 70221 | I18: 65684 | J18: 66464 | K18: 70753 | L18: 78155 | M18: 68135 | N18: 68545 | P18: Оборотные активы | Q18: Current assets
... B30: =CHOOSE('FIX PRICE'!$L$2,P30,Q30) -> Итого активы | C30: 90267 | D30: 117480 | E30: 134876 | F30: 138149 | G30: 141809 | H30: 123559 | I30: 120690 | J30: 123469 | K30: 130026 | L30: 142611 | M30: 134012 | N30: 138601 | P30: Итого активы | Q30: TOTAL ASSETS
B31: =CHOOSE('FIX PRICE'!$L$2,P31,Q31) -> Собственный капитал и обязательства | P31: Собственный капитал и обязательства | Q31: EQUITY AND LIABILITIES
B32: =CHOOSE('FIX PRICE'!$L$2,P32,Q32) -> Собственный капитал | C32: 17544 | D32: 36682 | E32: 65990 | F32: 66191 | G32: 69823 | H32: 49679 | I32: 51317 | J32: 53531 | K32: 56056 | L32: 60847 | M32: 61081 | N32: 52674 | P32: Собственный капитал | Q32: Equity
B33: =CHOOSE('FIX PRICE'!$L$2,P33,Q33) -> Акционерный капитал | C33: 110 | D33: 110 | E33: 110 | F33: 110 | G33: 110 | H33: 110 | I33: 100 | J33: 100 | K33: 100 | L33: 100 | M33: 100 | N33: 100 | P33: Акционерный капитал | Q33: Share capital
B34: =CHOOSE('FIX PRICE'!$L$2,P34,Q34) -> Добавочный капитал | C34: 0 | D34: 0 | E34: 0 | F34: 0 | G34: 0 | H34: 0 | I34: 0 | J34: 0 | K34: 0 | L34: 0 | M34: 0 | N34: 0 | P34: Добавочный капитал | Q34: Additional paid-in capital
B35: =CHOOSE('FIX PRICE'!$L$2,P35,Q35) -> Казначейские акции | C35: 0 | D35: 0 | E35: 0 | F35: 0 | G35: 0 | H35: 0 | I35: 0 | J35: 0 | K35: -36 | L35: -187 | M35: -30 | N35: -36 | P35: Казначейские акции | Q35: Treasury shares
B36: =CHOOSE('FIX PRICE'!$L$2,P36,Q36) -> Нераспределенная прибыль | C36: 17434 | D36: 36572 | E36: 65895 | F36: 66114 | G36: 69727 | H36: 49560 | I36: 51263 | J36: 53486 | K36: 56024 | L36: 60978 | M36: 61049 | N36: 52657 | P36: Нераспределенная прибыль | Q36: Retained earnings/(Deficit)
B37: =CHOOSE('FIX PRICE'!$L$2,P37,Q37) -> Резерв пересчета в валюту представления отчетности | C37: 0 | D37: 0 | E37: -15 | F37: -33 | G37: -14 | H37: 9 | I37: -46 | J37: -55 | K37: -32 | L37: -44 | M37: -38 | N37: -47 | P37: Резерв пересчета в валюту представления отчетности | Q37: Currency translation reserve
B38: =CHOOSE('FIX PRICE'!$L$2,P38,Q38) -> Долгосрочные обязательства | C38: 3394 | D38: 9260 | E38: 9405 | F38: 9381 | G38: 9527 | H38: 8695 | I38: 9959 | J38: 11960 | K38: 13136 | L38: 16028 | M38: 15329 | N38: 17097 | P38: Долгосрочные обязательства | Q38: Non-current liabilities
B39: =CHOOSE('FIX PRICE'!$L$2,P39,Q39) -> Кредиты и займы | C39: 0 | D39: 4580 | E39: 4970 | F39: 5163 | G39: 5269 | H39: 3232 | I39: 3283 | J39: 3334 | K39: 3385 | L39: 3436 | M39: 1827 | N39: 1332 | P39: Кредиты и займы | Q39: Loans and borrowings
B40: =CHOOSE('FIX PRICE'!$L$2,P40,Q40) -> Обязательства по аренде | C40: 2847 | D40: 4209 | E40: 4117 | F40: 3882 | G40: 4162 | H40: 4700 | I40: 5485 | J40: 7923 | K40: 9174 | L40: 11829 | M40: 12708 | N40: 14973 | P40: Обязательства по аренде | Q40: Lease liabilities
B41: =CHOOSE('FIX PRICE'!$L$2,P41,Q41) -> Отложенные налоговые обязательства | C41: 547 | D41: 471 | E41: 318 | F41: 336 | G41: 96 | H41: 763 | I41: 1191 | J41: 703 | K41: 577 | L41: 763 | M41: 794 | N41: 792 | P41: Отложенные налоговые обязательства | Q41: Deferred tax liabilities
B42: =CHOOSE('FIX PRICE'!$L$2,P42,Q42) -> Краткосрочные обязательства | C42: 69329 | D42: 71538 | E42: 59481 | F42: 62577 | G42: 62459 | H42: 65185 | I42: 59414 | J42: 57978 | K42: 60834 | L42: 65736 | M42: 57602 | N42: 68830 | P42: Краткосрочные обязательства | Q42: Current liabilities
B43: =CHOOSE('FIX PRICE'!$L$2,P43,Q43) -> Кредиты и займы | C43: 21523 | D43: 17576 | E43: 10024 | F43: 15036 | G43: 15043 | H43: 15056 | I43: 11268 | J43: 8998 | K43: 8294 | L43: 9131 | M43: 6416 | N43: 7700 | P43: Кредиты и займы | Q43: Loans and borrowings
... B52: =CHOOSE('FIX PRICE'!$L$2,P52,Q52) -> Итого собственный капитал и обязательства | C52: 90267 | D52: 117480 | E52: 134876 | F52: 138149 | G52: 141809 | H52: 123559 | I52: 120690 | J52: 123469 | K52: 130026 | L52: 142611 | M52: 134012 | N52: 138601 | P52: Итого собственный капитал и обязательства | Q52: TOTAL EQUITY AND LIABILITIES

Sheet 3
B2: =CHOOSE('FIX PRICE'!$L$2,Z2,AA2) -> Консолидированный отчет о Движении денежных средств | C2: =CHOOSE('FIX PRICE'!$L$2,Z3,AA3) -> Содержание | Z2: Консолидированный отчет о Движении денежных средств | AA2: Consolidated Statement of Cash Flows
Z3: Содержание | AA3: Table of Contents
C6: IFRS 16 | D6: IFRS 16 | E6: IFRS 16 | F6: IFRS 16 | G6: IFRS 16 | I6: IFRS 16 | J6: IFRS 16 | L6: IFRS 16 | M6: IFRS 16 | N6: IFRS 16 | P6: IFRS 16 | Q6: IFRS 16 | R6: IFRS 16 | S6: IFRS 16 | T6: IFRS 16 | U6: IFRS 16 | V6: IFRS 16 | W6: IFRS 16
B7: =CHOOSE('FIX PRICE'!$L$2,Z7,AA7) -> в миллионах российских рублей | C7: 2021 | D7: 2022 | E7: 2023 | F7: 2024 | G7: 2025 | I7: 9М 2024 | J7: 9М 2025 | L7: =CHOOSE('FIX PRICE'!$L$2,AC8,AC7) -> 1П 2024 | M7: =CHOOSE('FIX PRICE'!$L$2,AD8,AD7) -> 1П 2025 | N7: =CHOOSE('FIX PRICE'!$L$2,AE8,AE7) -> 1П 2026 | P7: =CHOOSE('FIX PRICE'!$L$2,AG8,AG7) -> 3КВ 2024 | Q7: =CHOOSE('FIX PRICE'!$L$2,AH8,AH7) -> 4КВ 2024 | R7: =CHOOSE('FIX PRICE'!$L$2,AI8,AI7) -> 1КВ 2025 | S7: =CHOOSE('FIX PRICE'!$L$2,AJ8,AJ7) -> 2КВ 2025 | T7: =CHOOSE('FIX PRICE'!$L$2,AK8,AK7) -> 3КВ 2025 | U7: =CHOOSE('FIX PRICE'!$L$2,AL8,AL7) -> 4КВ 2025 | V7: =CHOOSE('FIX PRICE'!$L$2,AM8,AM7) -> 1КВ 2026 | W7: =CHOOSE('FIX PRICE'!$L$2,AN8,AN7) -> 2КВ 2026 | Z7: в миллионах российских рублей | AA7: In millions of Russian roubles | AC7: H1 2024 | AD7: H1 2025 | AE7: H1 2026 | AG7: 3Q 2024 | AH7: 4Q 2024 | AI7: 1Q 2025 | AJ7: 2Q 2025 | AK7: 3Q 2025 | AL7: 4Q 2025 | AM7: 1Q 2026 | AN7: 2Q 2026
B8: =CHOOSE('FIX PRICE'!$L$2,Z8,AA8) -> Денежные потоки от операционной деятельности | Z8: Денежные потоки от операционной деятельности | AA8: CASH FROM OPERATING ACTIVITIES | AC8: 1П 2024 | AD8: 1П 2025 | AE8: 1П 2026 | AG8: 3КВ 2024 | AH8: 4КВ 2024 | AI8: 1КВ 2025 | AJ8: 2КВ 2025 | AK8: 3КВ 2025 | AL8: 4КВ 2025 | AM8: 1КВ 2026 | AN8: 2КВ 2026
B9: =CHOOSE('FIX PRICE'!$L$2,Z9,AA9) -> Прибыль до налогообложения | C9: 27480 | D9: 35282 | E9: 30650 | F9: 27100 | G9: 15281 | I9: 16477 | J9: 8866 | L9: 11261 | M9: 5442 | N9: 3769 | P9: 5216 | Q9: 10623 | R9: 2393 | S9: 3049 | T9: 3424 | U9: 6415 | V9: 309 | W9: 3460 | Z9: Прибыль до налогообложения | AA9: Profit before tax for the period
B10: =CHOOSE('FIX PRICE'!$L$2,Z10,AA10) -> Корректировки: | N10: 0 | W10: 0 | Z10: Корректировки: | AA10: Adjustments for:
B11: =CHOOSE('FIX PRICE'!$L$2,Z11,AA11) -> Амортизация основных средств, нематериальных активов и активов в форме права пользования | C11: 12364 | D11: 13465 | E11: 15142 | F11: 16494 | G11: 18811 | I11: 12179 | J11: 13889 | L11: 8064 | M11: 9039 | N11: 10302 | P11: 4115 | Q11: 4315 | R11: 4392 | S11: 4647 | T11: 4850 | U11: 4922 | V11: 4926 | W11: 5376 | Z11: Амортизация основных средств, нематериальных активов и активов в форме права пользования | AA11: Depreciation and amortisation
B12: =CHOOSE('FIX PRICE'!$L$2,Z12,AA12) -> Списание товарных запасов вследствие недостач и списание до чистой возможной цены реализации | C12: 1810 | D12: 2439 | E12: 1711 | F12: 1877 | G12: 2914 | I12: 1505 | J12: 1582 | L12: 959 | M12: 1012 | N12: 1451 | P12: 546 | Q12: 372 | R12: 493 | S12: 519 | T12: 570 | U12: 1332 | V12: 684 | W12: 767 | Z12: Списание товарных запасов вследствие недостач и списание до чистой возможной цены реализации | AA12: Write-offs of merchandise inventories relating to shrinkage and write-down to net realisable value
B13: =CHOOSE('FIX PRICE'!$L$2,Z13,AA13) -> Убыток от выбытия основных средств | C13: 0 | D13: 0 | E13: 0 | F13: 0 | G13: 0 | I13: 0 | J13: 0 | L13: 0 | M13: 0 | N13: 0 | P13: 0 | Q13: 0 | R13: 0 | S13: 0 | T13: 0 | U13: 0 | V13: 0 | W13: 0 | Z13: Убыток от выбытия основных средств | AA13: Loss on disposal of property, plant and equipment
B14: =CHOOSE('FIX PRICE'!$L$2,Z14,AA14) -> Изменение резерва под ожидаемые кредитные убытки | C14: 8 | D14: 19 | E14: 0 | F14: 17 | G14: -2 | I14: -2 | J14: -5 | L14: -2 | M14: -6 | N14: 0 | P14: 0 | Q14: 19 | R14: 2 | S14: -8 | T14: 1 | U14: 3 | V14: 0 | W14: 0 | Z14: Изменение резерва под ожидаемые кредитные убытки | AA14: Change in allowance for expected credit losses
B15: =CHOOSE('FIX PRICE'!$L$2,Z15,AA15) -> Доля в прибыли ассоциированных предприятий | C15: -44 | D15: -69 | E15: -65 | F15: -48 | G15: -49 | I15: -34 | J15: -40 | L15: -27 | M15: -33 | N15: -9 | P15: -7 | Q15: -14 | R15: -19 | S15: -14 | T15: -7 | U15: -9 | V15: -5 | W15: -4 | Z15: Доля в прибыли ассоциированных предприятий | AA15: Share of profit of associates
B16: =CHOOSE('FIX PRICE'!$L$2,Z16,AA16) -> Процентные доходы | C16: -74 | D16: -264 | E16: -2157 | F16: -3504 | G16: -105 | I16: -2871 | J16: -62 | L16: -1757 | M16: -32 | N16: -152 | P16: -1114 | Q16: -633 | R16: -10 | S16: -22 | T16: -30 | U16: -43 | V16: -57 | W16: -95 | Z16: Процентные доходы | AA16: Interest income
B17: =CHOOSE('FIX PRICE'!$L$2,Z17,AA17) -> Процентные расходы | C17: 1652 | D17: 3227 | E17: 2832 | F17: 4735 | G17: 5516 | I17: 3316 | J17: 4100 | L17: 1972 | M17: 2769 | N17: 2663 | P17: 1344 | Q17: 1419 | R17: 1381 | S17: 1388 | T17: 1331 | U17: 1416 | V17: 1278 | W17: 1385 | Z17: Процентные расходы | AA17: Interest expense
B18: =CHOOSE('FIX PRICE'!$L$2,Z18,AA18) -> Начисления по программе долгосрочной мотивации | C18: 0 | D18: 0 | E18: 387 | F18: -387 | G18: 97 | I18: 503 | J18: 83 | L18: 379 | M18: 76 | N18: 124 | P18: 124 | Q18: -890 | R18: 75 | S18: 1 | T18: 7 | U18: 14 | V18: 75 | W18: 49 | Z18: Начисления по программе долгосрочной мотивации | AA18: Expenses arising from long-term incentive programme (LTIP expense*)
B19: =CHOOSE('FIX PRICE'!$L$2,Z19,AA19) -> (Доход) / Убыток от курсовых разниц, нетто | C19: 166 | D19: -240 | E19: 1524 | F19: 1099 | G19: -685 | I19: 938 | J19: -427 | L19: 69 | M19: -854 | N19: 379 | P19: 869 | Q19: 161 | R19: -967 | S19: 113 | T19: 427 | U19: -258 | V19: 514 | W19: -135 | Z19: (Доход) / Убыток от курсовых разниц, нетто | AA19: Foreign exchange (gain)/loss, net
B20: =CHOOSE('FIX PRICE'!$L$2,Z20,AA20) -> Денежные средства, полученные от операционной деятельности до изменений в оборотном капитале | C20: 43362 | D20: 53859 | E20: 50024 | F20: 47383 | G20: 41778 | I20: 32011 | J20: 27986 | L20: 20918 | M20: 17413 | N20: 18527 | P20: 11093 | Q20: 15372 | R20: 7740 | S20: 9673 | T20: 10573 | U20: 13792 | V20: 7724 | W20: 10803 | Z20: Денежные средства, полученные от операционной деятельности до изменений в оборотном капитале | AA20: Cash from operating activities before changes in working capital
B21: =CHOOSE('FIX PRICE'!$L$2,Z21,AA21) -> (Увеличение) / уменьшение запасов | C21: -14588 | D21: -2620 | E21: -7638 | F21: -9769 | G21: -2582 | I21: -6180 | J21: -796 | L21: -2703 | M21: 1106 | N21: 1155 | P21: -3477 | Q21: -3589 | R21: 271 | S21: 835 | T21: -1902 | U21: -1786 | V21: 2893 | W21: -1738 | Z21: (Увеличение) / уменьшение запасов | AA21: (Increase)/Decrease in inventories
B22: =CHOOSE('FIX PRICE'!$L$2,Z22,AA22) -> (Увеличение) / уменьшение дебиторской задолженности и прочих оборотных активов | C22: -1203 | D22: -4089 | E22: 747 | F22: -782 | G22: -2007 | I22: -2049 | J22: -2275 | L22: -1333 | M22: -133 | N22: -995 | P22: -716 | Q22: 1267 | R22: 666 | S22: -799 | T22: -2142 | U22: 268 | V22: 172 | W22: -1167 | Z22: (Увеличение) / уменьшение дебиторской задолженности и прочих оборотных активов | AA22: (Increase)/Decrease in receivables and other financial assets
... B34: =CHOOSE('FIX PRICE'!$L$2,Z34,AA34) -> Денежные средства, полученные от операционной деятельности | C34: 23234 | D34: 32180 | E34: 35167 | F34: 29480 | G34: 31681 | I34: 16474 | J34: 18914 | L34: 13337 | M34: 12650 | N34: 18531 | P34: 3137 | Q34: 13006 | R34: 4553 | S34: 8097 | T34: 6264 | U34: 12767 | V34: 3139 | W34: 15392 | Z34: Денежные средства, полученные от операционной деятельности | AA34: Net cash flows from operating activities
B35: =CHOOSE('FIX PRICE'!$L$2,Z35,AA35) -> Денежные потоки от инвестиционной деятельности | Z35: Денежные потоки от инвестиционной деятельности | AA35: CASH FLOWS FROM INVESTING ACTIVITIES
B36: =CHOOSE('FIX PRICE'!$L$2,Z36,AA36) -> Приобретение основных средств | C36: -4945 | D36: -10716 | E36: -4872 | F36: -7195 | G36: -8809 | I36: -3554 | J36: -6108 | L36: -1888 | M36: -3747 | N36: -3395 | P36: -1666 | Q36: -3641 | R36: -1797 | S36: -1950 | T36: -2361 | U36: -2701 | V36: -1149 | W36: -2246 | Z36: Приобретение основных средств | AA36: Purchase of property, plant and equipment
B37: =CHOOSE('FIX PRICE'!$L$2,Z37,AA37) -> Приобретение нематериальных активов | C37: -566 | D37: -787 | E37: -858 | F37: -1072 | G37: -1316 | I37: -751 | J37: -946 | L37: -429 | M37: -664 | N37: -1119 | P37: -322 | Q37: -321 | R37: -281 | S37: -383 | T37: -282 | U37: -370 | V37: -425 | W37: -694 | Z37: Приобретение нематериальных активов | AA37: Purchase of intangible assets
B38: =CHOOSE('FIX PRICE'!$L$2,Z38,AA38) -> Поступления от продажи основных средств | C38: 60 | D38: 59 | E38: 14 | F38: 0 | G38: 58 | I38: 0 | J38: 28 | L38: 2 | M38: 27 | N38: 4 | P38: -2 | Q38: 0 | R38: 0 | S38: 27 | T38: 1 | U38: 30 | V38: 1 | W38: 3 | Z38: Поступления от продажи основных средств | AA38: Proceeds from sale of property, plant and equipment
B39: =CHOOSE('FIX PRICE'!$L$2,Z39,AA39) -> Приобретение бизнеса, за вычетом приобретенных денежных средств | C39: 0 | D39: 0 | E39: 0 | F39: 0 | G39: 0 | I39: 0 | J39: 0 | L39: 0 | M39: 0 | N39: 0 | P39: 0 | Q39: 0 | R39: 0 | S39: 0 | T39: 0 | U39: 0 | V39: 0 | W39: 0 | Z39: Приобретение бизнеса, за вычетом приобретенных денежных средств | AA39: Acquisition of business, net of cash acquired
B40: =CHOOSE('FIX PRICE'!$L$2,Z40,AA40) -> Дивиденды, полученные от ассоциированных предприятий | C40: 60 | D40: 57 | E40: 74 | F40: 86 | G40: 47 | I40: 70 | J40: 44 | L40: 64 | M40: 38 | N40: 14 | P40: 6 | Q40: 16 | R40: 0 | S40: 38 | T40: 6 | U40: 3 | V40: 2 | W40: 12 | Z40: Дивиденды, полученные от ассоциированных предприятий | AA40: Dividends received from associates
B41: =CHOOSE('FIX PRICE'!$L$2,Z41,AA41) -> Объединение предприятий, находящихся под общим контролем | C41: 0 | D41: 0 | E41: 48 | F41: 0 | G41: 0 | I41: 0 | J41: 0 | L41: 0 | M41: 0 | N41: 0 | P41: 0 | Q41: 0 | R41: 0 | S41: 0 | T41: 0 | U41: 0 | V41: 0 | W41: 0 | Z41: Объединение предприятий, находящихся под общим контролем | AA41: Business combination under common control
B42: =CHOOSE('FIX PRICE'!$L$2,Z42,AA42) -> Займы выданные | C42: -612 | D42: 0 | E42: 0 | F42: 0 | G42: 0 | I42: 0 | J42: 0 | L42: 0 | M42: 0 | N42: 0 | P42: 0 | Q42: 0 | R42: 0 | S42: 0 | T42: 0 | U42: 0 | V42: 0 | W42: 0 | Z42: Займы выданные | AA42: Loans issued
B43: =CHOOSE('FIX PRICE'!$L$2,Z43,AA43) -> Поступления от погашения займов выданных | C43: 0 | D43: 0 | E43: 0 | F43: 0 | G43: 0 | I43: 0 | J43: 0 | L43: 0 | M43: 0 | N43: 0 | P43: 0 | Q43: 0 | R43: 0 | S43: 0 | T43: 0 | U43: 0 | V43: 0 | W43: 0 | Z43: Поступления от погашения займов выданных | AA43: Proceeds from repayment of loans issued
B44: =CHOOSE('FIX PRICE'!$L$2,Z44,AA44) -> Чистые денежные потоки, использованные в инвестиционной деятельности | C44: -6003 | D44: -11387 | E44: -5594 | F44: -8181 | G44: -10020 | I44: -4235 | J44: -6982 | L44: -2251 | M44: -4346 | N44: -4496 | P44: -1984 | Q44: -3946 | R44: -2078 | S44: -2268 | T44: -2636 | U44: -3038 | V44: -1571 | W44: -2925 | Z44: Чистые денежные потоки, использованные в инвестиционной деятельности | AA44: Net cash flows used in investing activities
B45: =CHOOSE('FIX PRICE'!$L$2,Z45,AA45) -> Денежные потоки от финансовой деятельности | Z45: Денежные потоки от финансовой деятельности | AA45: CASH FLOWS FROM FINANCING ACTIVITIES
B46: =CHOOSE('FIX PRICE'!$L$2,Z46,AA46) -> Поступления от кредитов и займов | C46: 25500 | D46: 29460 | E46: 30800 | F46: 17600 | G46: 15890 | I46: 17600 | J46: 9389 | L46: 13300 | M46: 8369 | N46: 4021 | P46: 4300 | Q46: 0 | R46: 1351 | S46: 7018 | T46: 1020 | U46: 6501 | V46: 11 | W46: 4010 | Z46: Поступления от кредитов и займов | AA46: Proceeds from loans and borrowings
B47: =CHOOSE('FIX PRICE'!$L$2,Z47,AA47) -> Погашение кредитов и займов | C47: -19686 | D47: -29150 | E47: -38385 | F47: -14700 | G47: -22000 | I47: -12600 | J47: -16300 | L47: -8300 | M47: -14500 | N47: -7631 | P47: -4300 | Q47: -2100 | R47: -5150 | S47: -9350 | T47: -1800 | U47: -5700 | V47: -4400 | W47: -3231 | Z47: Погашение кредитов и займов | AA47: Repayment of loans and borrowings
B48: =CHOOSE('FIX PRICE'!$L$2,Z48,AA48) -> Арендные платежи | C48: -8311 | D48: -8987 | E48: -10219 | F48: -10969 | G48: -12206 | I48: -8120 | J48: -9035 | L48: -5360 | M48: -5969 | N48: -6715 | P48: -2760 | Q48: -2849 | R48: -2957 | S48: -3012 | T48: -3066 | U48: -3171 | V48: -3324 | W48: -3391 | Z48: Арендные платежи | AA48: Lease payments
B49: =CHOOSE('FIX PRICE'!$L$2,Z49,AA49) -> Дивиденды выплаченные | C49: -9010 | D49: -400 | E49: -173 | F49: -37345 | G49: 0 | I49: -9639 | J49: 0 | L49: -9029 | M49: 0 | N49: -10307 | P49: -610 | Q49: -27706 | R49: 0 | S49: 0 | T49: 0 | U49: 0 | V49: 0 | W49: -10307 | Z49: Дивиденды выплаченные | AA49: Dividends paid
B50: =CHOOSE('FIX PRICE'!$L$2,Z50,AA50) -> Выкуп собственных акций | C50: 0 | D50: 0 | E50: 0 | F50: 0 | G50: -187 | I50: 0 | J50: -36 | L50: 0 | M50: 0 | N50: -5 | P50: 0 | Q50: 0 | R50: 0 | S50: 0 | T50: -36 | U50: -151 | V50: 0 | W50: -5 | Z50: Выкуп собственных акций | AA50: Purchase of treasury shares
B51: =CHOOSE('FIX PRICE'!$L$2,Z51,AA51) -> Чистые денежные потоки (использованные в) / полученные от финансовой деятельности | C51: -11507 | D51: -9077 | E51: -17977 | F51: -45414 | G51: -18503 | I51: -12759 | J51: -15982 | L51: -9389 | M51: -12100 | N51: -20637 | P51: -3370 | Q51: -32655 | R51: -6756 | S51: -5344 | T51: -3882 | U51: -2521 | V51: -7713 | W51: -12924 | Z51: Чистые денежные потоки (использованные в) / полученные от финансовой деятельности | AA51: Net cash flows (used in)/from financing activities
B52: =CHOOSE('FIX PRICE'!$L$2,Z52,AA52) -> Итого денежные потоки (использованные в) / полученные от операционной, инвестиционной и финансовой деятельности | C52: 5724 | D52: 11716 | E52: 11596 | F52: -24115 | G52: 3158 | I52: -520 | J52: -4050 | L52: 1697 | M52: -3796 | N52: -6602 | P52: -2217 | Q52: -23595 | R52: -4281 | S52: 485 | T52: -254 | U52: 7208 | V52: -6145 | W52: -457 | Z52: Итого денежные потоки (использованные в) / полученные от операционной, инвестиционной и финансовой деятельности | AA52: Cash (used in)/from operating, investing and financing activities
B53: =CHOOSE('FIX PRICE'!$L$2,Z53,AA53) -> Влияние изменений обменного курса на денежные средства и их эквиваленты | C53: 1 | D53: -181 | E53: 192 | F53: -59 | G53: -139 | I53: -81 | J53: -134 | L53: -304 | M53: -162 | N53: -15 | P53: 223 | Q53: 22 | R53: -148 | S53: -14 | T53: 28 | U53: -5 | V53: -7 | W53: -8 | Z53: Влияние изменений обменного курса на денежные средства и их эквиваленты | AA53: Effect of exchange rate fluctuations on cash and cash equivalents
B54: =CHOOSE('FIX PRICE'!$L$2,Z54,AA54) -> Чистое (уменьшение) / увеличение денежных средств и их эквивалентов | C54: 5725 | D54: 11535 | E54: 11788 | F54: -24174 | G54: 3019 | I54: -601 | J54: -4184 | L54: 1393 | M54: -3958 | N54: -6617 | P54: -1994 | Q54: -23573 | R54: -4429 | S54: 471 | T54: -226 | U54: 7203 | V54: -6152 | W54: -465 | Z54: Чистое (уменьшение) / увеличение денежных средств и их эквивалентов | AA54: Net (decrease)/increase in cash and cash equivalents
B55: =CHOOSE('FIX PRICE'!$L$2,Z55,AA55) -> Денежные средства и их эквиваленты на начало периода | C55: 1612 | D55: 7337 | E55: 18872 | F55: 30660 | G55: 6486 | I55: 30660 | J55: 6486 | L55: 30660 | M55: 6486 | N55: 9505 | P55: 32053 | Q55: 30059 | R55: 6486 | S55: 2057 | T55: 2528 | U55: 2302 | V55: 9505 | W55: 3353 | Z55: Денежные средства и их эквиваленты на начало периода | AA55: Cash and cash equivalents at the beginning of the period
B56: =CHOOSE('FIX PRICE'!$L$2,Z56,AA56) -> Денежные средства и их эквиваленты на конец периода | C56: 7337 | D56: 18872 | E56: 30660 | F56: 6486 | G56: 9505 | I56: 30059 | J56: 2302 | L56: 32053 | M56: 2528 | N56: 2888 | P56: 30059 | Q56: 6486 | R56: 2057 | S56: 2528 | T56: 2302 | U56: 9505 | V56: 3353 | W56: 2888 | Z56: Денежные средства и их эквиваленты на конец периода | AA56: Cash and cash equivalents at the end of the period
B58: =CHOOSE('FIX PRICE'!$L$2,"",AA58) | AA58: *LTIP expense – expense, related to the long-term incentive programme (LTIP)

Sheet 4
B2: =CHOOSE('FIX PRICE'!$L$2,AC2,AD2) -> Коммерческие, общехозяйственные и административные расходы (SG&A) | C2: =CHOOSE('FIX PRICE'!$L$2,AC3,AD3) -> Содержание | AC2: Коммерческие, общехозяйственные и административные расходы (SG&A) | AD2: Selling, General and Administrative Expenses (SG&A)
AC3: Содержание | AD3: Table of Contents
C4: IFRS 16 | D4: IFRS 16 | E4: IFRS 16 | F4: IFRS 16 | G4: IFRS 16 | I4: IFRS 16 | J4: IFRS 16 | L4: IFRS 16 | M4: IFRS 16 | N4: IFRS 16 | P4: IFRS 16 | Q4: IFRS 16 | R4: IFRS 16 | S4: IFRS 16 | T4: IFRS 16 | U4: IFRS 16 | V4: IFRS 16 | W4: IFRS 16
B5: =CHOOSE('FIX PRICE'!$L$2,AC5,AD5) -> в миллионах российских рублей | C5: 2021 | D5: 2022 | E5: 2023 | F5: 2024 | G5: 2025 | I5: 9М 2024 | J5: 9М 2025 | L5: =CHOOSE('FIX PRICE'!$L$2,AE6,AE5) -> 1П 2024 | M5: =CHOOSE('FIX PRICE'!$L$2,AF6,AF5) -> 1П 2025 | N5: =CHOOSE('FIX PRICE'!$L$2,AG6,AG5) -> 1П 2026 | P5: =CHOOSE('FIX PRICE'!$L$2,AI6,AI5) -> 3КВ 2024 | Q5: =CHOOSE('FIX PRICE'!$L$2,AJ6,AJ5) -> 4КВ 2024 | R5: =CHOOSE('FIX PRICE'!$L$2,AK6,AK5) -> 1КВ 2025 | S5: =CHOOSE('FIX PRICE'!$L$2,AL6,AL5) -> 2КВ 2025 | T5: =CHOOSE('FIX PRICE'!$L$2,AM6,AM5) -> 3КВ 2025 | U5: =CHOOSE('FIX PRICE'!$L$2,AN6,AN5) -> 4КВ 2025 | V5: =CHOOSE('FIX PRICE'!$L$2,AO6,AO5) -> 1КВ 2026 | W5: =CHOOSE('FIX PRICE'!$L$2,AP6,AP5) -> 2КВ 2026 | AC5: в миллионах российских рублей | AD5: In millions of Russian roubles | AE5: H1 2024 | AF5: H1 2025 | AG5: H1 2026 | AI5: 3Q 2024 | AJ5: 4Q 2024 | AK5: 1Q 2025 | AL5: 2Q 2025 | AM5: 3Q 2025 | AN5: 4Q 2025 | AO5: 1Q 2026 | AP5: 2Q 2026
B6: =CHOOSE('FIX PRICE'!$L$2,AC6,AD6) -> Коммерческие, общехозяйственные и административные расходы | AC6: Коммерческие, общехозяйственные и административные расходы | AD6: SG&A BREAKOUT | AE6: 1П 2024 | AF6: 1П 2025 | AG6: 1П 2026 | AI6: 3КВ 2024 | AJ6: 4КВ 2024 | AK6: 1КВ 2025 | AL6: 2КВ 2025 | AM6: 3КВ 2025 | AN6: 4КВ 2025 | AO6: 1КВ 2026 | AP6: 2КВ 2026
B7: =CHOOSE('FIX PRICE'!$L$2,AC7,AD7) -> Расходы на оплату труда | C7: 19413 | D7: 26175 | E7: 31170 | F7: 37842 | G7: 49361 | I7: 29296 | J7: 37055 | L7: 18986 | M7: 24519 | N7: 28270 | P7: 10310 | Q7: 8546 | R7: 12053 | S7: 12466 | T7: 12536 | U7: 12306 | V7: 13197 | W7: 15073 | AC7: Расходы на оплату труда | AD7: Staff costs
B8: =CHOOSE('FIX PRICE'!$L$2,AC8,AD8) -> Банковские комиссии | C8: 2402 | D8: 2651 | E8: 3345 | F8: 2652 | G8: 2262 | I8: 2071 | J8: 1643 | L8: 1534 | M8: 1073 | N8: 1234 | P8: 537 | Q8: 581 | R8: 515 | S8: 558 | T8: 570 | U8: 619 | V8: 588 | W8: 646 | AC8: Банковские комиссии | AD8: Bank charges
B9: =CHOOSE('FIX PRICE'!$L$2,AC9,AD9) -> Расходы на аренду | C9: 1658 | D9: 2260 | E9: 1829 | F9: 1858 | G9: 1745 | I9: 1246 | J9: 1211 | L9: 777 | M9: 756 | N9: 700 | P9: 469 | Q9: 612 | R9: 329 | S9: 427 | T9: 455 | U9: 534 | V9: 289 | W9: 411 | AC9: Расходы на аренду | AD9: Rental expense
B10: =CHOOSE('FIX PRICE'!$L$2,AC10,AD10) -> Расходы на охрану | C10: 1613 | D10: 1897 | E10: 2016 | F10: 1920 | G10: 1353 | I10: 1468 | J10: 1065 | L10: 991 | M10: 780 | N10: 554 | P10: 477 | Q10: 452 | R10: 418 | S10: 362 | T10: 285 | U10: 288 | V10: 277 | W10: 277 | AC10: Расходы на охрану | AD10: Security services
B11: =CHOOSE('FIX PRICE'!$L$2,AC11,AD11) -> Расходы на рекламу | C11: 691 | D11: 624 | E11: 820 | F11: 966 | G11: 942 | I11: 737 | J11: 622 | L11: 517 | M11: 344 | N11: 428 | P11: 220 | Q11: 229 | R11: 214 | S11: 130 | T11: 278 | U11: 320 | V11: 260 | W11: 168 | AC11: Расходы на рекламу | AD11: Advertising costs
B12: =CHOOSE('FIX PRICE'!$L$2,AC12,AD12) -> Расходы на ремонт и техническое обслуживание | C12: 833 | D12: 1023 | E12: 950 | F12: 1092 | G12: 1409 | I12: 774 | J12: 1031 | L12: 513 | M12: 660 | N12: 783 | P12: 261 | Q12: 318 | R12: 326 | S12: 334 | T12: 371 | U12: 378 | V12: 467 | W12: 316 | AC12: Расходы на ремонт и техническое обслуживание | AD12: Repair and maintenance costs
B13: =CHOOSE('FIX PRICE'!$L$2,AC13,AD13) -> Коммунальные услуги | C13: 646 | D13: 751 | E13: 806 | F13: 924 | G13: 1105 | I13: 657 | J13: 766 | L13: 442 | M13: 518 | N13: 746 | P13: 215 | Q13: 267 | R13: 274 | S13: 244 | T13: 248 | U13: 339 | V13: 381 | W13: 365 | AC13: Коммунальные услуги | AD13: Utilities
B14: =CHOOSE('FIX PRICE'!$L$2,AC14,AD14) -> Прочие расходы | C14: 717 | D14: 941 | E14: 1094 | F14: 2007 | G14: 3022 | I14: 1265 | J14: 2307 | L14: 705 | M14: 1533 | N14: 1571 | P14: 560 | Q14: 742 | R14: 762 | S14: 771 | T14: 774 | U14: 715 | V14: 931 | W14: 640 | AC14: Прочие расходы | AD14: Other expenses
B15: =CHOOSE('FIX PRICE'!$L$2,AC15,AD15) -> Итого коммерческие, общехозяйственные и административные расходы (за исключением начислений по программе долгосрочной мотивации и амортизации) | C15: 27973 | D15: 36322 | E15: 42030 | F15: 49261 | G15: 61199 | I15: 37514 | J15: 45700 | L15: 24465 | M15: 30183 | N15: 34286 | P15: 13049 | Q15: 11747 | R15: 14891 | S15: 15292 | T15: 15517 | U15: 15499 | V15: 16390 | W15: 17896 | AC15: Итого коммерческие, общехозяйственные и административные расходы (за исключением начислений по программе долгосрочной мотивации и амортизации) | AD15: Total SG&A (excl. D&A and LTIP expense*)
B16: =CHOOSE('FIX PRICE'!$L$2,AC16,AD16) -> Начисления по программе долгосрочной мотивации | C16: 0 | D16: 0 | E16: 1099 | F16: 204 | G16: 97 | I16: 503 | J16: 83 | L16: 379 | M16: 76 | N16: 124 | P16: 124 | Q16: -299 | R16: 75 | S16: 1 | T16: 7 | U16: 14 | V16: 75 | W16: 49 | AC16: Начисления по программе долгосрочной мотивации | AD16: LTIP expense*
B17: =CHOOSE('FIX PRICE'!$L$2,AC17,AD17) -> Амортизация активов в форме права пользования | C17: 8305 | D17: 9039 | E17: 10278 | F17: 11220 | G17: 12828 | I17: 8265 | J17: 9444 | L17: 5449 | M17: 6128 | N17: 6894 | P17: 2816 | Q17: 2955 | R17: 2951 | S17: 3177 | T17: 3316 | U17: 3384 | V17: 3283 | W17: 3611 | AC17: Амортизация активов в форме права пользования | AD17: Depreciation of right-of-use assets
B18: =CHOOSE('FIX PRICE'!$L$2,AC18,AD18) -> Прочая амортизация | C18: 4059 | D18: 4426 | E18: 4864 | F18: 5274 | G18: 5983 | I18: 3914 | J18: 4445 | L18: 2615 | M18: 2911 | N18: 3408 | P18: 1299 | Q18: 1360 | R18: 1441 | S18: 1470 | T18: 1534 | U18: 1538 | V18: 1643 | W18: 1765 | AC18: Прочая амортизация | AD18: Other depreciation and amortisation
B19: =CHOOSE('FIX PRICE'!$L$2,AC19,AD19) -> Итого коммерческие, общехозяйственные и административные расходы | C19: 40337 | D19: 49787 | E19: 58271 | F19: 65959 | G19: 80107 | I19: 50196 | J19: 59672 | L19: 32908 | M19: 39298 | N19: 44712 | P19: 17288 | Q19: 15763 | R19: 19358 | S19: 19940 | T19: 20374 | U19: 20435 | V19: 21391 | W19: 23321 | AC19: Итого коммерческие, общехозяйственные и административные расходы | AD19: Total SG&A
B21: =CHOOSE('FIX PRICE'!$L$2,AC21,AD21) -> % от выручки | AC21: % от выручки | AD21: % of revenue
B22: =CHOOSE('FIX PRICE'!$L$2,AC22,AD22) -> Расходы на оплату труда | C22: =C7/'1'!C$6 -> 0.086032227 | D22: =D7/'1'!D$6 -> 0.096360571 | E22: =E7/'1'!E$6 -> 0.11097345 | F22: =F7/'1'!F$6 -> 0.12600937 | G22: 0.15753678 | I22: 0.1350681 | J22: 0.16267604 | L22: =L7/'1'!L$6 -> 0.13389753 | M22: =M7/'1'!M$6 -> 0.16542748 | N22: 0.18199376 | P22: 0.13727814 | Q22: 0.10245405 | R22: =R7/'1'!R$6 -> 0.16904865 | S22: 0.1620708 | T22: 0.15755077 | U22: 0.14385243 | V22: 0.18049154 | W22: 0.18332968 | AC22: Расходы на оплату труда | AD22: Staff costs
B23: =CHOOSE('FIX PRICE'!$L$2,AC23,AD23) -> Банковские комиссии | C23: =C8/'1'!C$6 -> 0.010644898 | D23: =D8/'1'!D$6 -> 0.0097593839 | E23: =E8/'1'!E$6 -> 0.011909085 | F23: =F8/'1'!F$6 -> 0.0088308454 | G23: 0.0072192257 | I23: 0.0095482669 | J23: 0.0072129737 | L23: =L8/'1'!L$6 -> 0.010818435 | M23: =M8/'1'!M$6 -> 0.0072394343 | N23: 0.0079441208 | P23: 0.0071501804 | Q23: 0.0069653411 | R23: =R8/'1'!R$6 -> 0.0072231027 | S23: 0.0072545731 | T23: 0.0071636839 | U23: 0.0072358731 | V23: 0.0080419054 | W23: 0.0078571602 | AC23: Банковские комиссии | AD23: Bank charges
B24: =CHOOSE('FIX PRICE'!$L$2,AC24,AD24) -> Расходы на аренду | C24: =C9/'1'!C$6 -> 0.0073477274 | D24: =D9/'1'!D$6 -> 0.0083199576 | E24: =E9/'1'!E$6 -> 0.006511724 | F24: =F9/'1'!F$6 -> 0.0061869196 | G24: 0.0055692082 | I24: 0.0057446357 | J24: 0.0053164401 | L24: =L9/'1'!L$6 -> 0.0054797419 | M24: =M9/'1'!M$6 -> 0.0051006639 | N24: 0.0045063894 | P24: 0.0062447572 | Q24: 0.0073369858 | R24: =R9/'1'!R$6 -> 0.0046143705 | S24: 0.0055514386 | T24: 0.0057183792 | U24: 0.0062422556 | V24: 0.0039525692 | W24: 0.0049989053 | AC24: Расходы на аренду | AD24: Rental expense
B25: =CHOOSE('FIX PRICE'!$L$2,AC25,AD25) -> Расходы на охрану | C25: =C10/'1'!C$6 -> 0.0071483018 | D25: =D10/'1'!D$6 -> 0.0069836104 | E25: =E10/'1'!E$6 -> 0.0071774934 | F25: =F10/'1'!F$6 -> 0.0063933722 | G25: 0.004318131 | I25: 0.0067681583 | J25: 0.004675482 | L25: =L10/'1'!L$6 -> 0.0069889629 | M25: =M10/'1'!M$6 -> 0.0052625897 | N25: 0.0035664853 | P25: 0.0063512776 | Q25: 0.0054188196 | R25: =R10/'1'!R$6 -> 0.0058626348 | S25: 0.0047063718 | T25: 0.0035818419 | U25: 0.0033666098 | V25: 0.0037884487 | W25: 0.0033690919 | AC25: Расходы на охрану | AD25: Security services
B26: =CHOOSE('FIX PRICE'!$L$2,AC26,AD26) -> Расходы на рекламу | C26: =C11/'1'!C$6 -> 0.0030622917 | D26: =D11/'1'!D$6 -> 0.0022971918 | E26: =E11/'1'!E$6 -> 0.002919417 | F26: =F11/'1'!F$6 -> 0.0032166654 | G26: 0.003006415 | I26: 0.0033979105 | J26: 0.0027306571 | L26: =L11/'1'!L$6 -> 0.0036461088 | M26: =M11/'1'!M$6 -> 0.002320937 | N26: 0.0027553352 | P26: 0.0029293104 | Q26: 0.0027453754 | R26: =R11/'1'!R$6 -> 0.0030014446 | S26: 0.0016901335 | T26: 0.0034938669 | U26: 0.0037406775 | V26: 0.0035559446 | W26: 0.0020433482 | AC26: Расходы на рекламу | AD26: Advertising costs
B27: =CHOOSE('FIX PRICE'!$L$2,AC27,AD27) -> Расходы на ремонт и техническое обслуживание | C27: =C12/'1'!C$6 -> 0.0036915904 | D27: =D12/'1'!D$6 -> 0.0037660693 | E27: =E12/'1'!E$6 -> 0.0033822514 | F27: =F12/'1'!F$6 -> 0.0036362304 | G27: 0.0044968563 | I27: 0.0035684976 | J27: 0.0045262178 | L27: =L12/'1'!L$6 -> 0.0036178991 | M27: =M12/'1'!M$6 -> 0.0044529605 | N27: 0.0050407184 | P27: 0.0034752274 | Q27: 0.0038123554 | R27: =R12/'1'!R$6 -> 0.0045722941 | S27: 0.004342343 | T27: 0.0046626785 | U27: 0.0044186753 | V27: 0.0063870235 | W27: 0.0038434406 | AC27: Расходы на ремонт и техническое обслуживание | AD27: Repair and maintenance costs
B28: =CHOOSE('FIX PRICE'!$L$2,AC28,AD28) -> Коммунальные услуги | C28: =C13/'1'!C$6 -> 0.0028628661 | D28: =D13/'1'!D$6 -> 0.0027647293 | E28: =E13/'1'!E$6 -> 0.0028695733 | F28: =F13/'1'!F$6 -> 0.0030768104 | G28: 0.0035266333 | I28: 0.0030290736 | J28: 0.003362835 | L28: =L13/'1'!L$6 -> 0.0031171762 | M28: =M13/'1'!M$6 -> 0.0034948993 | N28: 0.0048025236 | P28: 0.0028627352 | Q28: 0.0032009399 | R28: =R13/'1'!R$6 -> 0.0038429711 | S28: 0.0031722506 | T28: 0.0031168309 | U28: 0.0039627803 | V28: 0.0052108265 | W28: 0.0044394172 | AC28: Коммунальные услуги | AD28: Utilities
B29: =CHOOSE('FIX PRICE'!$L$2,AC29,AD29) -> Прочие расходы | C29: =C14/'1'!C$6 -> 0.0031775154 | D29: =D14/'1'!D$6 -> 0.0034641947 | E29: =E14/'1'!E$6 -> 0.0038949295 | F29: =F14/'1'!F$6 -> 0.0066830719 | G29: 0.0096447835 | I29: 0.0058322345 | J29: 0.010128016 | L29: =L14/'1'!L$6 -> 0.0049719666 | M29: =M14/'1'!M$6 -> 0.010343013 | N29: 0.010113625 | P29: 0.0074564265 | Q29: 0.0088954959 | R29: =R14/'1'!R$6 -> 0.010687387 | S29: 0.010023792 | T29: 0.0097275287 | U29: 0.0083580764 | V29: 0.012733017 | W29: 0.0077841835 | AC29: Прочие расходы | AD29: Other expenses
B30: =CHOOSE('FIX PRICE'!$L$2,AC30,AD30) -> Итого коммерческие, общехозяйственные и административные расходы (за исключением начислений по программе долгосрочной мотивации и амортизации) | C30: =C15/'1'!C$6 -> 0.12396742 | D30: =D15/'1'!D$6 -> 0.13371571 | E30: =E15/'1'!E$6 -> 0.14963792 | F30: =F15/'1'!F$6 -> 0.16403329 | G30: 0.19531804 | I30: 0.17295687 | J30: 0.20062867 | L30: =L15/'1'!L$6 -> 0.17253782 | M30: =M15/'1'!M$6 -> 0.20364198 | N30: 0.22072295 | P30: 0.17374805 | Q30: 0.14082937 | R30: =R15/'1'!R$6 -> 0.20885286 | S30: 0.19881171 | T30: 0.19501558 | U30: 0.18117738 | V30: 0.22416128 | W30: 0.21766523 | AC30: Итого коммерческие, общехозяйственные и административные расходы (за исключением начислений по программе долгосрочной мотивации и амортизации) | AD30: Total SG&A (excl. D&A and LTIP expense*)
B31: =CHOOSE('FIX PRICE'!$L$2,AC31,AD31) -> Начисления по программе долгосрочной мотивации | C31: =C16/'1'!C$6 -> 0 | D31: =D16/'1'!D$6 -> 0 | E31: =E16/'1'!E$6 -> 0.0039127308 | F31: =F16/'1'!F$6 -> 0.0006792958 | G31: 0.00030957776 | I31: 0.0023190624 | J31: 0.00036438029 | L31: =L16/'1'!L$6 -> 0.0026728728 | M31: =M16/'1'!M$6 -> 0.00051276515 | N31: 0.0007982747 | P31: 0.0016510659 | Q31: -0.0035845731 | R31: =R16/'1'!R$6 -> 0.0010519082 | S31: 1.3001027e-05 | T31: 8.7975065e-05 | U31: 0.00016365464 | V31: 0.0010257532 | W31: 0.00059597655 | AC31: Начисления по программе долгосрочной мотивации | AD31: LTIP expense*
B32: =CHOOSE('FIX PRICE'!$L$2,AC32,AD32) -> Амортизация активов в форме права пользования | C32: =C17/'1'!C$6 -> 0.036805112 | D32: =D17/'1'!D$6 -> 0.033276149 | E32: =E17/'1'!E$6 -> 0.0365924 | F32: =F17/'1'!F$6 -> 0.037361269 | G32: 0.040940861 | I32: 0.038105469 | J32: 0.041460331 | L32: =L17/'1'!L$6 -> 0.038428718 | M32: =M17/'1'!M$6 -> 0.041345064 | N32: 0.044381498 | P32: 0.037495173 | Q32: 0.035426133 | R32: =R17/'1'!R$6 -> 0.04138908 | S32: 0.041304263 | T32: 0.041675045 | U32: 0.039557665 | V32: 0.044900639 | W32: 0.043919823 | AC32: Амортизация активов в форме права пользования | AD32: Depreciation of right-of-use assets
B33: =CHOOSE('FIX PRICE'!$L$2,AC33,AD33) -> Прочая амортизация | C33: =C18/'1'!C$6 -> 0.017988194 | D33: =D18/'1'!D$6 -> 0.016293864 | E33: =E18/'1'!E$6 -> 0.017317127 | F33: =F18/'1'!F$6 -> 0.017561794 | G33: 0.019094884 | I33: 0.018045349 | J33: 0.019514101 | L33: =L18/'1'!L$6 -> 0.018442117 | M33: =M18/'1'!M$6 -> 0.019640255 | N33: 0.021939679 | P33: 0.017296246 | Q33: 0.016304413 | R33: =R18/'1'!R$6 -> 0.020210662 | S33: 0.01911151 | T33: 0.019279107 | U33: 0.017978631 | V33: 0.022470834 | W33: 0.021467319 | AC33: Прочая амортизация | AD33: Other depreciation and amortisation
B34: =CHOOSE('FIX PRICE'!$L$2,AC34,AD34) -> Итого коммерческие, общехозяйственные и административные расходы | C34: =C19/'1'!C$6 -> 0.17876072 | D34: =D19/'1'!D$6 -> 0.18328572 | E34: =E19/'1'!E$6 -> 0.20746018 | F34: =F19/'1'!F$6 -> 0.21963564 | G34: 0.25566336 | I34: 0.23142675 | J34: 0.26196748 | L34: =L19/'1'!L$6 -> 0.23208153 | M34: =M19/'1'!M$6 -> 0.26514007 | N34: 0.28784241 | P34: 0.23019054 | Q34: 0.18897534 | R34: =R19/'1'!R$6 -> 0.27150451 | S34: 0.25924048 | T34: 0.25605771 | U34: 0.23887733 | V34: 0.2925585 | W34: 0.28364835 | AC34: Итого коммерческие, общехозяйственные и административные расходы | AD34: Total SG&A
B36: =CHOOSE('FIX PRICE'!$L$2,"",AD36) | AD36: *LTIP expense – expense, related to the long-term incentive programme (LTIP)

Sheet 5
B2: =CHOOSE('FIX PRICE'!$L$2,AA2,AB2) -> EBITDA | C2: =CHOOSE('FIX PRICE'!$L$2,AA3,AB3) -> Содержание | AA2: EBITDA | AB2: EBITDA
AA3: Содержание | AB3: Table of Contents
C4: IFRS 16 | D4: IFRS 16 | E4: IFRS 16 | F4: IFRS 16 | G4: IFRS 16 | I4: IFRS 16 | J4: IFRS 16 | L4: IFRS 16 | M4: IFRS 16 | N4: IFRS 16 | P4: IFRS 16 | Q4: IFRS 16 | R4: IFRS 16 | S4: IFRS 16 | T4: IFRS 16 | U4: IFRS 16 | V4: IFRS 16 | W4: IFRS 16
B5: =CHOOSE('FIX PRICE'!$L$2,AA5,AB5) -> в миллионах российских рублей | C5: 2021 | D5: 2022 | E5: 2023 | F5: 2024 | G5: 2025 | I5: 9М 2024 | J5: 9М 2025 | L5: =CHOOSE('FIX PRICE'!$L$2,AD6,AD5) -> 1П 2024 | M5: =CHOOSE('FIX PRICE'!$L$2,AE6,AE5) -> 1П 2025 | N5: =CHOOSE('FIX PRICE'!$L$2,AF6,AF5) -> 1П 2026 | P5: =CHOOSE('FIX PRICE'!$L$2,AH6,AH5) -> 3КВ 2024 | Q5: =CHOOSE('FIX PRICE'!$L$2,AI6,AI5) -> 4КВ 2024 | R5: =CHOOSE('FIX PRICE'!$L$2,AJ6,AJ5) -> 1КВ 2025 | S5: =CHOOSE('FIX PRICE'!$L$2,AK6,AK5) -> 2КВ 2025 | T5: =CHOOSE('FIX PRICE'!$L$2,AL6,AL5) -> 3КВ 2025 | U5: =CHOOSE('FIX PRICE'!$L$2,AM6,AM5) -> 4КВ 2025 | V5: =CHOOSE('FIX PRICE'!$L$2,AN6,AN5) -> 1КВ 2026 | W5: =CHOOSE('FIX PRICE'!$L$2,AO6,AO5) -> 2КВ 2026 | AA5: в миллионах российских рублей | AB5: In millions of Russian roubles | AD5: H1 2024 | AE5: H1 2025 | AF5: H1 2026 | AH5: 3Q 2024 | AI5: 4Q 2024 | AJ5: 1Q 2025 | AK5: 2Q 2025 | AL5: 3Q 2025 | AM5: 4Q 2025 | AN5: 1Q 2026 | AO5: 2Q 2026
B6: =CHOOSE('FIX PRICE'!$L$2,AA6,AB6) -> Прибыль за год | C6: 20273 | D6: 19609 | E6: 29853 | F6: 21397 | G6: 11176 | I6: 12969 | J6: 6409 | L6: 8869 | M6: 3900 | N6: 2729 | P6: 4100 | Q6: 8428 | R6: 1693 | S6: 2207 | T6: 2509 | U6: 4767 | V6: 176 | W6: 2553 | AA6: Прибыль за год | AB6: Profit for the year | AD6: 1П 2024 | AE6: 1П 2025 | AF6: 1П 2026 | AH6: 3КВ 2024 | AI6: 4КВ 2024 | AJ6: 1КВ 2025 | AK6: 2КВ 2025 | AL6: 3КВ 2025 | AM6: 4КВ 2025 | AN6: 1КВ 2026 | AO6: 2КВ 2026
B7: =CHOOSE('FIX PRICE'!$L$2,AA7,AB7) -> Корректировки: | AA7: Корректировки: | AB7: Adjusted for:
B8: =CHOOSE('FIX PRICE'!$L$2,AA8,AB8) -> Расход по налогу на прибыль | C8: 7207 | D8: 15673 | E8: 797 | F8: 5703 | G8: 4105 | I8: 3508 | J8: 2457 | L8: 2392 | M8: 1542 | N8: 1040 | P8: 1116 | Q8: 2195 | R8: 700 | S8: 842 | T8: 915 | U8: 1648 | V8: 133 | W8: 907 | AA8: Расход по налогу на прибыль | AB8: Income tax expense
B9: =CHOOSE('FIX PRICE'!$L$2,AA9,AB9) -> Процентные расходы | C9: 1652 | D9: 3227 | E9: 2832 | F9: 4735 | G9: 5516 | I9: 3316 | J9: 4100 | L9: 1972 | M9: 2769 | N9: 2663 | P9: 1344 | Q9: 1419 | R9: 1381 | S9: 1388 | T9: 1331 | U9: 1416 | V9: 1278 | W9: 1385 | AA9: Процентные расходы | AB9: Interest expense
B10: =CHOOSE('FIX PRICE'!$L$2,AA10,AB10) -> Процентные доходы | C10: -74 | D10: -264 | E10: -2157 | F10: -3504 | G10: -105 | I10: -2871 | J10: -62 | L10: -1757 | M10: -32 | N10: -152 | P10: -1114 | Q10: -633 | R10: -10 | S10: -22 | T10: -30 | U10: -43 | V10: -57 | W10: -95 | AA10: Процентные доходы | AB10: Interest income
B11: =CHOOSE('FIX PRICE'!$L$2,AA11,AB11) -> Амортизационные расходы | C11: 12364 | D11: 13465 | E11: 15142 | F11: 16494 | G11: 18811 | I11: 12179 | J11: 13889 | L11: 8064 | M11: 9039 | N11: 10302 | P11: 4115 | Q11: 4315 | R11: 4392 | S11: 4647 | T11: 4850 | U11: 4922 | V11: 4926 | W11: 5376 | AA11: Амортизационные расходы | AB11: Depreciation and amortisation expense
B12: =CHOOSE('FIX PRICE'!$L$2,AA12,AB12) -> (Доход) / Убыток от курсовых разниц, нетто | C12: 166 | D12: -240 | E12: 1524 | F12: 1099 | G12: -685 | I12: 938 | J12: -427 | L12: 69 | M12: -854 | N12: 379 | P12: 869 | Q12: 161 | R12: -967 | S12: 113 | T12: 427 | U12: -258 | V12: 514 | W12: -135 | AA12: (Доход) / Убыток от курсовых разниц, нетто | AB12: Foreign exchange loss / (gain)
B13: =CHOOSE('FIX PRICE'!$L$2,AA13,AB13) -> EBITDA | C13: 41588 | D13: 51470 | E13: 47991 | F13: 45924 | G13: 38818 | I13: 30039 | J13: 26366 | L13: 19609 | M13: 16364 | N13: 16961 | P13: 10430 | Q13: 15885 | R13: 7189 | S13: 9175 | T13: 10002 | U13: 12452 | V13: 6970 | W13: 9991 | AA13: EBITDA | AB13: EBITDA
B14: =CHOOSE('FIX PRICE'!$L$2,AA14,AB14) -> EBITDA маржа, % | C14: 0.18430476 | D14: 0.18948151 | E14: 0.17086066 | F14: 0.15292147 | G14: 0.12388855 | I14: 0.13849367 | J14: 0.11575001 | L14: 0.1382912 | M14: 0.11040643 | N14: 0.10918982 | P14: 0.13887594 | Q14: 0.19043794 | R14: 0.1008289 | S14: 0.11928442 | T14: 0.1257038 | U14: 0.14555911 | V14: 0.095326668 | W14: 0.1215184 | AA14: EBITDA маржа, % | AB14: EBITDA margin, %
B15: =CHOOSE('FIX PRICE'!$L$2,AA15,AB15) -> Начисления по программе долгосрочной мотивации | C15: 0 | D15: 0 | E15: 1099 | F15: 204 | G15: 97 | I15: 503 | J15: 83 | L15: 379 | M15: 76 | N15: 124 | P15: 124 | Q15: -299 | R15: 75 | S15: 1 | T15: 7 | U15: 14 | V15: 75 | W15: 49 | AA15: Начисления по программе долгосрочной мотивации | AB15: LTIP expense*
B16: =CHOOSE('FIX PRICE'!$L$2,AA16,AB16) -> Скорр. EBITDA | C16: 41588 | D16: 51470 | E16: 49090 | F16: 46128 | G16: 38915 | I16: 30542 | J16: 26449 | L16: 19988 | M16: 16440 | N16: 17085 | P16: 10554 | Q16: 15586 | R16: 7264 | S16: 9176 | T16: 10009 | U16: 12466 | V16: 7045 | W16: 10040 | AA16: Скорр. EBITDA | AB16: Adjusted EBITDA
B17: =CHOOSE('FIX PRICE'!$L$2,AA17,AB17) -> Скорр. EBITDA маржа, % | C17: 0.18430476 | D17: 0.18948151 | E17: 0.17477339 | F17: 0.15360077 | G17: 0.12419813 | I17: 0.14081273 | J17: 0.11611439 | L17: 0.14096407 | M17: 0.1109192 | N17: 0.10998809 | P17: 0.14052701 | Q17: 0.18685337 | R17: 0.10188081 | S17: 0.11929742 | T17: 0.12579178 | U17: 0.14572277 | V17: 0.096352421 | W17: 0.12211438 | AA17: Скорр. EBITDA маржа, % | AB17: Adjusted EBITDA margin, %
B18: =CHOOSE('FIX PRICE'!$L$2,AA18,AB18) -> Расходы на аренду | C18: -8836 | D18: -9826 | E18: -11257 | F18: -12641 | G18: -15292 | I18: -9265 | J18: -11202 | L18: -6072 | M18: -7276 | N18: -8571 | P18: -3193 | Q18: -3376 | R18: -3545 | S18: -3731 | T18: -3926 | U18: -4090 | V18: -4205 | W18: -4366 | AA18: Расходы на аренду | AB18: Rental expense
B19: =CHOOSE('FIX PRICE'!$L$2,AA19,AB19) -> Коммунальные услуги | C19: -146 | D19: -182 | E19: -215 | F19: -235 | G19: -297 | I19: -172 | J19: -216 | L19: -113 | M19: -141 | N19: -172 | P19: -59 | Q19: -63 | R19: -67 | S19: -74 | T19: -75 | U19: -81 | V19: -83 | W19: -89 | AA19: Коммунальные услуги | AB19: Utilities
... B24: =CHOOSE('FIX PRICE'!$L$2,AA24,AB24) -> EBITDA маржа по МСФО (IAS) 17, % | C24: 0.1444994 | D24: 0.15263809 | E24: 0.1300173 | F24: 0.11004592 | G24: 0.074135895 | I24: 0.094984739 | J24: 0.065623573 | L24: 0.094671885 | M24: 0.060364603 | N24: 0.052905012 | P24: 0.09557541 | Q24: 0.14920936 | R24: 0.050169007 | S24: 0.069815515 | T24: 0.075419767 | U24: 0.096801721 | V24: 0.036680936 | W24: 0.067333187 | AA24: EBITDA маржа по МСФО (IAS) 17, % | AB24: EBITDA IAS 17 margin, %
B26: =CHOOSE('FIX PRICE'!$L$2,"",AB26) | AB26: *LTIP expense – expense, related to the long-term incentive programme (LTIP)

Sheet 6
B2: =CHOOSE('FIX PRICE'!$L$2,Q2,R2) -> Чистый долг | C2: =CHOOSE('FIX PRICE'!$L$2,Q3,R3) -> Содержание | Q2: Чистый долг | R2: Net Debt
Q3: Содержание | R3: Table of Contents
C4: IFRS 16 | D4: IFRS 16 | E4: IFRS 16 | F4: IFRS 16 | G4: IFRS 16 | H4: IFRS 16 | I4: IFRS 16 | J4: IFRS 16 | K4: IFRS 16 | L4: IFRS 16 | M4: IFRS 16 | N4: IFRS 16
B5: =CHOOSE('FIX PRICE'!$L$2,Q5,R5) -> в миллионах российских рублей | C5: 31.12.2021 | D5: 31.12.2022 | E5: 31.12.2023 | F5: 30.06.2024 | G5: 30.09.2024 | H5: 31.12.2024 | I5: 31.03.2025 | J5: 30.06.2025 | K5: 30.09.2025 | L5: 31.12.2025 | M5: 31.03.2026 | N5: 30.06.2026 | Q5: в миллионах российских рублей | R5: In millions of Russian roubles
B6: =CHOOSE('FIX PRICE'!$L$2,Q6,R6) -> Краткосрочные кредиты и займы | C6: 21523 | D6: 17576 | E6: 10024 | F6: 15036 | G6: 15043 | H6: 15056 | I6: 11268 | J6: 8998 | K6: 8294 | L6: 9131 | M6: 6416 | N6: 7700 | Q6: Краткосрочные кредиты и займы | R6: Current loans and borrowings
B7: =CHOOSE('FIX PRICE'!$L$2,Q7,R7) -> Долгосрочные кредиты и займы | C7: 0 | D7: 4580 | E7: 4970 | F7: 5163 | G7: 5269 | H7: 3232 | I7: 3283 | J7: 3334 | K7: 3385 | L7: 3436 | M7: 1827 | N7: 1332 | Q7: Долгосрочные кредиты и займы | R7: Non-current loans and borrowings
B8: =CHOOSE('FIX PRICE'!$L$2,Q8,R8) -> Краткосрочные обязательства по аренде | C8: 5950 | D8: 7226 | E8: 7708 | F8: 7826 | G8: 8357 | H8: 8900 | I8: 9260 | J8: 10080 | K8: 10680 | L8: 11730 | M8: 12046 | N8: 12876 | Q8: Краткосрочные обязательства по аренде | R8: Current lease liabilities
B9: =CHOOSE('FIX PRICE'!$L$2,Q9,R9) -> Долгосрочные обязательства по аренде | C9: 2847 | D9: 4209 | E9: 4117 | F9: 3882 | G9: 4162 | H9: 4700 | I9: 5485 | J9: 7923 | K9: 9174 | L9: 11829 | M9: 12708 | N9: 14973 | Q9: Долгосрочные обязательства по аренде | R9: Non-current lease liabilities
B10: =CHOOSE('FIX PRICE'!$L$2,Q10,R10) -> Денежные средства и их эквиваленты | C10: -7337 | D10: -18872 | E10: -30660 | F10: -32053 | G10: -30059 | H10: -6486 | I10: -2057 | J10: -2528 | K10: -2302 | L10: -9505 | M10: -3353 | N10: -2888 | Q10: Денежные средства и их эквиваленты | R10: Cash and cash equivalents
B11: =CHOOSE('FIX PRICE'!$L$2,Q11,R11) -> Чистый долг / (Чистые денежные средства) | C11: 22983 | D11: 14719 | E11: -3841 | F11: -146 | G11: 2772 | H11: 25402 | I11: 27239 | J11: 27807 | K11: 29231 | L11: 26621 | M11: 29644 | N11: 33993 | Q11: Чистый долг / (Чистые денежные средства) | R11: Net debt / (Net cash)
B12: =CHOOSE('FIX PRICE'!$L$2,Q12,R12) -> Задолженность перед акционерами | C12: 0 | D12: 0 | E12: 0 | F12: 0 | G12: 0 | H12: 0 | I12: 0 | J12: 0 | K12: 0 | L12: 0 | M12: 0 | N12: 0 | Q12: Задолженность перед акционерами | R12: Dividends payable
B13: =CHOOSE('FIX PRICE'!$L$2,Q13,R13) -> Скорр. Чистый долг / (Чистые денежные средства) | C13: 22983 | D13: 14719 | E13: -3841 | F13: -146 | G13: 2772 | H13: 25402 | I13: 27239 | J13: 27807 | K13: 29231 | L13: 26621 | M13: 29644 | N13: 33993 | Q13: Скорр. Чистый долг / (Чистые денежные средства) | R13: Adjusted net debt / (net cash)
B14: =CHOOSE('FIX PRICE'!$L$2,Q14,R14) -> Скорр. Чистый долг / (Чистые денежные средства) к EBITDA по МСФО (IFRS) 16* | C14: 0,6x | D14: 0,3x | E14: (0,08)x | F14: (0,003)x | G14: 0,06x | H14: 0,6x | I14: 0,6x | J14: 0,7x | K14: 0,7x | L14: 0,7x | M14: 0,8x | N14: 0,9x | Q14: Скорр. Чистый долг / (Чистые денежные средства) к EBITDA по МСФО (IFRS) 16* | R14: Adjusted net debt / (net cash) to EBITDA (IFRS 16)*
B15: =CHOOSE('FIX PRICE'!$L$2,Q15,R15) -> Краткосрочные обязательства по аренде | C15: -5950 | D15: -7226 | E15: -7708 | F15: -7826 | G15: -8357 | H15: -8900 | I15: -9260 | J15: -10080 | K15: -10680 | L15: -11730 | M15: -12046 | N15: -12876 | Q15: Краткосрочные обязательства по аренде | R15: Current lease liabilities
B16: =CHOOSE('FIX PRICE'!$L$2,Q16,R16) -> Долгосрочные обязательства по аренде | C16: -2847 | D16: -4209 | E16: -4117 | F16: -3882 | G16: -4162 | H16: -4700 | I16: -5485 | J16: -7923 | K16: -9174 | L16: -11829 | M16: -12708 | N16: -14973 | Q16: Долгосрочные обязательства по аренде | R16: Non-current lease liabilities
B17: =CHOOSE('FIX PRICE'!$L$2,Q17,R17) -> Скорр. Чистый долг / (Чистые денежные средства) по МСФО (IAS) 17 | C17: 14186 | D17: 3284 | E17: -15666 | F17: -11854 | G17: -9747 | H17: 11802 | I17: 12494 | J17: 9804 | K17: 9377 | L17: 3062 | M17: 4890 | N17: 6144 | Q17: Скорр. Чистый долг / (Чистые денежные средства) по МСФО (IAS) 17 | R17: IAS 17-based adjusted net debt / (net cash)
B18: =CHOOSE('FIX PRICE'!$L$2,Q18,R18) -> Скорр. Чистый долг / (Чистые денежные средства) к EBITDA по МСФО (IAS) 17 | C18: 0,4x | D18: 0,08x | E18: (0,4)x | F18: (0,4)x | G18: (0,3)x | H18: 0,4x | I18: 0,5x | J18: 0,3x | K18: 0,3x | L18: 0,1x | M18: 0,2x | N18: 0,3x | Q18: Скорр. Чистый долг / (Чистые денежные средства) к EBITDA по МСФО (IAS) 17 | R18: IAS 17-based adjusted net debt / (net cash) to EBITDA
B20: =CHOOSE('FIX PRICE'!$L$2,Q20,R20) -> *Здесь и далее при расчете показателей отношения чистого долга / (чистых денежных средств) к EBITDA используется показатель EBITDA за предшествующие 12 месяцев | Q20: *Здесь и далее при расчете показателей отношения чистого долга / (чистых денежных средств) к EBITDA используется показатель EBITDA за предшествующие 12 месяцев | R20: *Here and hereinafter, the calculation of net debt / (net cash) to EBITDA is based on EBITDA for the last 12 months

Sheet 7
B2: =CHOOSE('FIX PRICE'!$L$2,R2,S2) -> Магазины и торговая площадь | C2: =CHOOSE('FIX PRICE'!$L$2,R3,S3) -> Содержание | R2: Магазины и торговая площадь | S2: Stores and Selling Space
R3: Содержание | S3: Table of Contents
C5: 31.12.2021 | D5: 31.12.2022 | E5: 31.12.2023 | F5: 31.03.2024 | G5: 30.06.2024 | H5: 30.09.2024 | I5: 31.12.2024 | J5: 31.03.2025 | K5: 30.06.2025 | L5: 30.09.2025 | M5: 31.12.2025 | N5: 31.03.2026 | O5: 30.06.2026
B6: =CHOOSE('FIX PRICE'!$L$2,R6,S6) -> Количество магазинов | R6: Количество магазинов | S6: NUMBER OF STORES
B7: =CHOOSE('FIX PRICE'!$L$2,R7,S7) -> Общее количество магазинов | C7: 4880 | D7: 5627 | E7: 6368 | F7: 6500 | G7: 6677 | H7: 6846 | I7: 7117 | J7: 7235 | K7: 7417 | L7: 7567 | M7: 7818 | N7: 7912 | O7: 8077 | R7: Общее количество магазинов | S7: Total number of stores
B8: =CHOOSE('FIX PRICE'!$L$2,R8,S8) -> Магазины под управлением Компании | C8: 3975 | D8: 4575 | E8: 5111 | F8: 5195 | G8: 5328 | H8: 5540 | I8: 5798 | J8: 5899 | K8: 6048 | L8: 6176 | M8: 6391 | N8: 6472 | O8: 6623 | R8: Магазины под управлением Компании | S8: Company-operated stores
B9: =CHOOSE('FIX PRICE'!$L$2,R9,S9) -> Франчайзинговые магазины | C9: 905 | D9: 1052 | E9: 1257 | F9: 1305 | G9: 1349 | H9: 1306 | I9: 1319 | J9: 1336 | K9: 1369 | L9: 1391 | M9: 1427 | N9: 1440 | O9: 1454 | R9: Франчайзинговые магазины | S9: Franchise stores
B11: =CHOOSE('FIX PRICE'!$L$2,R11,S11) -> Торговая площадь (тыс. кв. м) | R11: Торговая площадь (тыс. кв. м) | S11: SELLING SPACE (TH. SQ. M.)
B12: =CHOOSE('FIX PRICE'!$L$2,R12,S12) -> Общая торговая площадь магазинов Фикс Прайс | C12: 1051.6603 | D12: 1217.5624 | E12: 1380.3644 | F12: 1408.9749 | G12: 1446.7753 | H12: 1483.1669 | I12: 1539.4377 | J12: 1565.7208 | K12: 1605.4626 | L12: 1636.8512 | M12: 1691.5996 | N12: 1712.697 | O12: 1749.6852 | R12: Общая торговая площадь магазинов Фикс Прайс | S12: Total selling space of Company-operated and franchise stores
B13: =CHOOSE('FIX PRICE'!$L$2,R13,S13) -> Магазины под управлением Компании | C13: 847.79759 | D13: 980.9212 | E13: 1098.4149 | F13: 1116.3588 | G13: 1144.6273 | H13: 1190.1107 | I13: 1244.8183 | J13: 1266.1014 | K13: 1298.5018 | L13: 1326.1354 | M13: 1372.5636 | N13: 1390.6983 | O13: 1424.7175 | R13: Магазины под управлением Компании | S13: Company-operated stores
B14: =CHOOSE('FIX PRICE'!$L$2,R14,S14) -> Франчайзинговые магазины | C14: 203.86275 | D14: 236.64121 | E14: 281.94944 | F14: 292.61612 | G14: 302.14799 | H14: 293.05619 | I14: 294.6194 | J14: 299.61949 | K14: 306.96076 | L14: 310.71585 | M14: 319.03597 | N14: 321.99866 | O14: 324.96776 | R14: Франчайзинговые магазины | S14: Franchise stores

Sheet 8
B2: =CHOOSE('FIX PRICE'!$L$2,R2,S2) -> Географический охват магазинов | C2: =CHOOSE('FIX PRICE'!$L$2,R3,S3) -> Содержание | R2: Географический охват магазинов | S2: Stores Geographic Split
R3: Содержание | S3: Table of Contents
B5: =CHOOSE('FIX PRICE'!$L$2,R5,S5) -> Количество магазинов | C5: 31.12.2021 | D5: 31.12.2022 | E5: 31.12.2023 | F5: 31.03.2024 | G5: 30.06.2024 | H5: 30.09.2024 | I5: 31.12.2024 | J5: 31.03.2025 | K5: 30.06.2025 | L5: 30.09.2025 | M5: 31.12.2025 | N5: 31.03.2026 | O5: 30.06.2026 | R5: Количество магазинов | S5: Number of stores | U5: 12М 2021 | V5: 12M 2022 | W5: 12M 2023 | X5: 1Q 2024 | Y5: 2Q 2024 | Z5: 3Q 2024 | AA5: 4Q 2024 | AB5: 1Q 2025 | AC5: 2Q 2025 | AD5: 3Q 2025 | AE5: 4Q 2025 | AF5: 1Q 2026 | AG5: 2Q 2026
B6: =CHOOSE('FIX PRICE'!$L$2,R6,S6) -> Россия (Разбивка по Федеральным округам) | R6: Россия (Разбивка по Федеральным округам) | S6: RUSSIA (SPLIT BY FEDERAL DISTRICT) | U6: 12М 2021 | V6: 12М 2022 | W6: 12М 2023 | X6: 1КВ 2024 | Y6: 2КВ 2024 | Z6: 3КВ 2024 | AA6: 4КВ 2024 | AB6: 1КВ 2025 | AC6: 2КВ 2025 | AD6: 3КВ 2025 | AE6: 4КВ 2025 | AF6: 1КВ 2026 | AG6: 2КВ 2026
B7: =CHOOSE('FIX PRICE'!$L$2,R7,S7) -> Магазины под управлением Компании | C7: 3975 | D7: 4575 | E7: 5111 | F7: 5195 | G7: 5328 | H7: 5540 | I7: 5798 | J7: 5899 | K7: 6048 | L7: 6176 | M7: 6391 | N7: 6472 | O7: 6623 | R7: Магазины под управлением Компании | S7: Company-operated stores
B8: =CHOOSE('FIX PRICE'!$L$2,R8,S8) -> Центральный | C8: 1279 | D8: 1456 | E8: 1638 | F8: 1669 | G8: 1716 | H8: 1768 | I8: 1848 | J8: 1881 | K8: 1938 | L8: 1975 | M8: 2050 | N8: 2073 | O8: 2115 | R8: Центральный | S8: Central
B9: =CHOOSE('FIX PRICE'!$L$2,R9,S9) -> Северо-Западный | C9: 334 | D9: 388 | E9: 427 | F9: 432 | G9: 439 | H9: 443 | I9: 459 | J9: 464 | K9: 471 | L9: 482 | M9: 496 | N9: 498 | O9: 502 | R9: Северо-Западный | S9: North-West
B10: =CHOOSE('FIX PRICE'!$L$2,R10,S10) -> Южный | C10: 524 | D10: 608 | E10: 691 | F10: 708 | G10: 726 | H10: 737 | I10: 769 | J10: 782 | K10: 804 | L10: 818 | M10: 853 | N10: 869 | O10: 884 | R10: Южный | S10: South
B11: =CHOOSE('FIX PRICE'!$L$2,R11,S11) -> Северо-Кавказский | C11: 154 | D11: 179 | E11: 198 | F11: 200 | G11: 203 | H11: 206 | I11: 212 | J11: 212 | K11: 219 | L11: 221 | M11: 225 | N11: 229 | O11: 241 | R11: Северо-Кавказский | S11: North Caucasus
B12: =CHOOSE('FIX PRICE'!$L$2,R12,S12) -> Приволжский | C12: 912 | D12: 1048 | E12: 1163 | F12: 1185 | G12: 1216 | H12: 1254 | I12: 1312 | J12: 1337 | K12: 1360 | L12: 1386 | M12: 1420 | N12: 1437 | O12: 1480 | R12: Приволжский | S12: Volga
B13: =CHOOSE('FIX PRICE'!$L$2,R13,S13) -> Уральский | C13: 375 | D13: 424 | E13: 462 | F13: 464 | G13: 476 | H13: 511 | I13: 538 | J13: 551 | K13: 563 | L13: 572 | M13: 584 | N13: 588 | O13: 601 | R13: Уральский | S13: Urals
B14: =CHOOSE('FIX PRICE'!$L$2,R14,S14) -> Сибирский | C14: 397 | D14: 472 | E14: 532 | F14: 537 | G14: 552 | H14: 621 | I14: 660 | J14: 672 | K14: 693 | L14: 722 | M14: 763 | N14: 778 | O14: 800 | R14: Сибирский | S14: Siberia
B15: =CHOOSE('FIX PRICE'!$L$2,R15,S15) -> Дальневосточный | C15: 0 | D15: 0 | E15: 0 | F15: 0 | G15: 0 | H15: 0 | I15: 0 | J15: 0 | K15: 0 | L15: 0 | M15: 0 | N15: 0 | O15: 0 | R15: Дальневосточный | S15: Far East
B17: =CHOOSE('FIX PRICE'!$L$2,R17,S17) -> Франчайзинговые магазины | C17: 470 | D17: 523 | E17: 645 | F17: 679 | G17: 693 | H17: 628 | I17: 602 | J17: 600 | K17: 604 | L17: 602 | M17: 608 | N17: 605 | O17: 599 | R17: Франчайзинговые магазины | S17: Franchise stores
B18: =CHOOSE('FIX PRICE'!$L$2,R18,S18) -> Центральный | C18: 12 | D18: 12 | E18: 12 | F18: 12 | G18: 12 | H18: 12 | I18: 12 | J18: 12 | K18: 12 | L18: 12 | M18: 11 | N18: 11 | O18: 11 | R18: Центральный | S18: Central
B19: =CHOOSE('FIX PRICE'!$L$2,R19,S19) -> Северо-Западный | C19: 127 | D19: 133 | E19: 149 | F19: 150 | G19: 156 | H19: 156 | I19: 153 | J19: 150 | K19: 149 | L19: 148 | M19: 147 | N19: 146 | O19: 142 | R19: Северо-Западный | S19: North-West
... B27: =CHOOSE('FIX PRICE'!$L$2,R27,S27) -> Общее количество магазинов в России | C27: 4445 | D27: 5098 | E27: 5756 | F27: 5874 | G27: 6021 | H27: 6168 | I27: 6400 | J27: 6499 | K27: 6652 | L27: 6778 | M27: 6999 | N27: 7077 | O27: 7222 | R27: Общее количество магазинов в России | S27: Russia total
B29: =CHOOSE('FIX PRICE'!$L$2,R29,S29) -> Другие страны | R29: Другие страны | S29: OTHER COUNTRIES
B30: =CHOOSE('FIX PRICE'!$L$2,R30,S30) -> Магазины под управлением Компании | R30: Магазины под управлением Компании | S30: Company-operated stores
B31: =CHOOSE('FIX PRICE'!$L$2,R31,S31) -> Беларусь | C31: 0 | D31: 0 | E31: 0 | F31: 0 | G31: 0 | H31: 0 | I31: 0 | J31: 0 | K31: 0 | L31: 0 | M31: 0 | N31: 0 | O31: 0 | R31: Беларусь | S31: Belarus
B32: =CHOOSE('FIX PRICE'!$L$2,R32,S32) -> Казахстан | C32: 0 | D32: 0 | E32: 0 | F32: 0 | G32: 0 | H32: 0 | I32: 0 | J32: 0 | K32: 0 | L32: 0 | M32: 0 | N32: 0 | O32: 0 | R32: Казахстан | S32: Kazakhstan
B33: =CHOOSE('FIX PRICE'!$L$2,R33,S33) -> Грузия | C33: 0 | D33: 0 | E33: 0 | F33: 0 | G33: 0 | H33: 0 | I33: 0 | J33: 0 | K33: 0 | L33: 0 | M33: 0 | N33: 0 | O33: 0 | R33: Грузия | S33: Georgia
B34: =CHOOSE('FIX PRICE'!$L$2,R34,S34) -> Кыргызстан | C34: 0 | D34: 0 | E34: 0 | F34: 0 | G34: 0 | H34: 0 | I34: 0 | J34: 0 | K34: 0 | L34: 0 | M34: 0 | N34: 0 | O34: 0 | R34: Кыргызстан | S34: Kyrgyzstan
B35: =CHOOSE('FIX PRICE'!$L$2,R35,S35) -> Узбекистан | C35: 0 | D35: 0 | E35: 0 | F35: 0 | G35: 0 | H35: 0 | I35: 0 | J35: 0 | K35: 0 | L35: 0 | M35: 0 | N35: 0 | O35: 0 | R35: Узбекистан | S35: Uzbekistan
B36: =CHOOSE('FIX PRICE'!$L$2,R36,S36) -> Монголия | C36: 0 | D36: 0 | E36: 0 | F36: 0 | G36: 0 | H36: 0 | I36: 0 | J36: 0 | K36: 0 | L36: 0 | M36: 0 | N36: 0 | O36: 0 | R36: Монголия | S36: Mongolia
B37: =CHOOSE('FIX PRICE'!$L$2,R37,S37) -> Армения | C37: 0 | D37: 0 | E37: 0 | F37: 0 | G37: 0 | H37: 0 | I37: 0 | J37: 0 | K37: 0 | L37: 0 | M37: 0 | N37: 0 | O37: 0 | R37: Армения | S37: Armenia
B39: =CHOOSE('FIX PRICE'!$L$2,R39,S39) -> Франчайзинговые магазины | C39: 435 | D39: 529 | E39: 612 | F39: 626 | G39: 656 | H39: 678 | I39: 717 | J39: 736 | K39: 765 | L39: 789 | M39: 819 | N39: 835 | O39: 855 | R39: Франчайзинговые магазины | S39: Franchise stores
B40: =CHOOSE('FIX PRICE'!$L$2,R40,S40) -> Беларусь | C40: 212 | D40: 263 | E40: 292 | F40: 299 | G40: 309 | H40: 320 | I40: 335 | J40: 341 | K40: 351 | L40: 362 | M40: 375 | N40: 383 | O40: 396 | R40: Беларусь | S40: Belarus
B41: =CHOOSE('FIX PRICE'!$L$2,R41,S41) -> Казахстан | C41: 172 | D41: 235 | E41: 280 | F41: 287 | G41: 304 | H41: 312 | I41: 337 | J41: 349 | K41: 368 | L41: 379 | M41: 392 | N41: 399 | O41: 408 | R41: Казахстан | S41: Kazakhstan
B42: =CHOOSE('FIX PRICE'!$L$2,R42,S42) -> Грузия | C42: 4 | D42: 6 | E42: 7 | F42: 7 | G42: 7 | H42: 7 | I42: 6 | J42: 6 | K42: 6 | L42: 7 | M42: 9 | N42: 9 | O42: 10 | R42: Грузия | S42: Georgia
B43: =CHOOSE('FIX PRICE'!$L$2,R43,S43) -> Кыргызстан | C43: 5 | D43: 6 | E43: 6 | F43: 6 | G43: 5 | H43: 6 | I43: 6 | J43: 7 | K43: 7 | L43: 6 | M43: 6 | N43: 6 | O43: 4 | R43: Кыргызстан | S43: Kyrgyzstan
... B52: =CHOOSE('FIX PRICE'!$L$2,R52,S52) -> Франчайзинговые магазины | C52: 905 | D52: 1052 | E52: 1257 | F52: 1305 | G52: 1349 | H52: 1306 | I52: 1319 | J52: 1336 | K52: 1369 | L52: 1391 | M52: 1427 | N52: 1440 | O52: 1454 | R52: Франчайзинговые магазины | S52: Franchise stores
B54: =CHOOSE('FIX PRICE'!$L$2,R54,S54) -> Динамика магазинов под управлением Компании | C54: =CHOOSE('FIX PRICE'!$L$2,U6,U5) -> 12М 2021 | D54: =CHOOSE('FIX PRICE'!$L$2,V6,V5) -> 12М 2022 | E54: =CHOOSE('FIX PRICE'!$L$2,W6,W5) -> 12М 2023 | F54: =CHOOSE('FIX PRICE'!$L$2,X6,X5) -> 1КВ 2024 | G54: =CHOOSE('FIX PRICE'!$L$2,Y6,Y5) -> 2КВ 2024 | H54: =CHOOSE('FIX PRICE'!$L$2,Z6,Z5) -> 3КВ 2024 | I54: =CHOOSE('FIX PRICE'!$L$2,AA6,AA5) -> 4КВ 2024 | J54: =CHOOSE('FIX PRICE'!$L$2,AB6,AB5) -> 1КВ 2025 | ... O54: =CHOOSE('FIX PRICE'!$L$2,AG6,AG5) -> 2КВ 2026 | R54: Динамика магазинов под управлением Компании | S54: Development of Company-operated stores
B55: =CHOOSE('FIX PRICE'!$L$2,R55,S55) -> Общее количество открытых магазинов | C55: 581 | D55: 667 | E55: 633 | F55: 116 | G55: 176 | H55: 247 | I55: 273 | J55: 142 | K55: 184 | L55: 176 | M55: 240 | N55: 117 | O55: 202 | R55: Общее количество открытых магазинов | S55: Gross openings
B56: =CHOOSE('FIX PRICE'!$L$2,R56,S56) -> Количество закрытых магазинов | C56: 113 | D56: 67 | E56: 97 | F56: 32 | G56: 43 | H56: 35 | I56: 15 | J56: 41 | K56: 35 | L56: 48 | M56: 25 | N56: 36 | O56: 51 | R56: Количество закрытых магазинов | S56: Closures
B57: =CHOOSE('FIX PRICE'!$L$2,R57,S57) -> Чистый прирост количества магазинов | C57: 468 | D57: 600 | E57: 536 | F57: 84 | G57: 133 | H57: 212 | I57: 258 | J57: 101 | K57: 149 | L57: 128 | M57: 215 | N57: 81 | O57: 151 | R57: Чистый прирост количества магазинов | S57: Net openings
B59: =CHOOSE('FIX PRICE'!$L$2,R59,S59) -> Чистый прирост магазинов под управлением Компании и франчайзинговых магазинов | C59: =CHOOSE('FIX PRICE'!$L$2,U6,U5) -> 12М 2021 | D59: =CHOOSE('FIX PRICE'!$L$2,V6,V5) -> 12М 2022 | E59: =CHOOSE('FIX PRICE'!$L$2,W6,W5) -> 12М 2023 | F59: =CHOOSE('FIX PRICE'!$L$2,X6,X5) -> 1КВ 2024 | G59: =CHOOSE('FIX PRICE'!$L$2,Y6,Y5) -> 2КВ 2024 | H59: =CHOOSE('FIX PRICE'!$L$2,Z6,Z5) -> 3КВ 2024 | I59: =CHOOSE('FIX PRICE'!$L$2,AA6,AA5) -> 4КВ 2024 | J59: =CHOOSE('FIX PRICE'!$L$2,AB6,AB5) -> 1КВ 2025 | ... O59: =CHOOSE('FIX PRICE'!$L$2,AG6,AG5) -> 2КВ 2026 | R59: Чистый прирост магазинов под управлением Компании и франчайзинговых магазинов | S59: Net openings of Company-operated and franchise stores
B60: =CHOOSE('FIX PRICE'!$L$2,R60,S60) -> Россия (Разбивка по Федеральным округам) | R60: Россия (Разбивка по Федеральным округам) | S60: RUSSIA (SPLIT BY FEDERAL DISTRICT)
B61: =CHOOSE('FIX PRICE'!$L$2,R61,S61) -> Центральный | C61: 138 | D61: 177 | E61: 182 | F61: 31 | G61: 47 | H61: 52 | I61: 80 | J61: 33 | K61: 57 | L61: 37 | M61: 74 | N61: 23 | O61: 42 | R61: Центральный | S61: Central
B62: =CHOOSE('FIX PRICE'!$L$2,R62,S62) -> Северо-Западный | C62: 64 | D62: 60 | E62: 55 | F62: 6 | G62: 13 | H62: 4 | I62: 13 | J62: 2 | K62: 6 | L62: 10 | M62: 13 | N62: 1 | O62: 0 | R62: Северо-Западный | S62: North-West
B63: =CHOOSE('FIX PRICE'!$L$2,R63,S63) -> Южный | C63: 70 | D63: 84 | E63: 82 | F63: 17 | G63: 18 | H63: 10 | I63: 31 | J63: 11 | K63: 21 | L63: 13 | M63: 33 | N63: 16 | O63: 13 | R63: Южный | S63: South
B64: =CHOOSE('FIX PRICE'!$L$2,R64,S64) -> Северо-Кавказский | C64: 10 | D64: 26 | E64: 20 | F64: 2 | G64: 3 | H64: 3 | I64: 6 | J64: 0 | K64: 7 | L64: 2 | M64: 4 | N64: 3 | O64: 12 | R64: Северо-Кавказский | S64: North Caucasus
B65: =CHOOSE('FIX PRICE'!$L$2,R65,S65) -> Приволжский | C65: 99 | D65: 136 | E65: 121 | F65: 24 | G65: 31 | H65: 31 | I65: 56 | J65: 25 | K65: 22 | L65: 24 | M65: 34 | N65: 17 | O65: 43 | R65: Приволжский | S65: Volga
B66: =CHOOSE('FIX PRICE'!$L$2,R66,S66) -> Уральский | C66: 72 | D66: 64 | E66: 75 | F66: 14 | G66: 17 | H66: 14 | I66: 17 | J66: 10 | K66: 14 | L66: 7 | M66: 13 | N66: 2 | O66: 13 | R66: Уральский | S66: Urals
B67: =CHOOSE('FIX PRICE'!$L$2,R67,S67) -> Сибирский | C67: 79 | D67: 83 | E67: 104 | F67: 21 | G67: 17 | H67: 29 | I67: 30 | J67: 16 | K67: 23 | L67: 28 | M67: 46 | N67: 14 | O67: 21 | R67: Сибирский | S67: Siberia
B68: =CHOOSE('FIX PRICE'!$L$2,R68,S68) -> Дальневосточный | C68: 22 | D68: 23 | E68: 19 | F68: 3 | G68: 1 | H68: 4 | I68: -1 | J68: 2 | K68: 3 | L68: 5 | M68: 4 | N68: 2 | O68: 1 | R68: Дальневосточный | S68: Far East
B70: =CHOOSE('FIX PRICE'!$L$2,R70,S70) -> Чистый прирост магазинов в России | C70: 554 | D70: 653 | E70: 658 | F70: 118 | G70: 147 | H70: 147 | I70: 232 | J70: 99 | K70: 153 | L70: 126 | M70: 221 | N70: 78 | O70: 145 | R70: Чистый прирост магазинов в России | S70: Russia total, net openings
B72: =CHOOSE('FIX PRICE'!$L$2,R72,S72) -> Другие страны | R72: Другие страны | S72: OTHER COUNTRIES
B73: =CHOOSE('FIX PRICE'!$L$2,R73,S73) -> Беларусь | C73: 60 | D73: 51 | E73: 29 | F73: 7 | G73: 10 | H73: 11 | I73: 15 | J73: 6 | K73: 10 | L73: 11 | M73: 13 | N73: 8 | O73: 13 | R73: Беларусь | S73: Belarus
B74: =CHOOSE('FIX PRICE'!$L$2,R74,S74) -> Казахстан | C74: 83 | D74: 63 | E74: 45 | F74: 7 | G74: 17 | H74: 8 | I74: 25 | J74: 12 | K74: 19 | L74: 11 | M74: 13 | N74: 7 | O74: 9 | R74: Казахстан | S74: Kazakhstan
B75: =CHOOSE('FIX PRICE'!$L$2,R75,S75) -> Грузия | C75: 0 | D75: 2 | E75: 1 | F75: 0 | G75: 0 | H75: 0 | I75: -1 | J75: 0 | K75: 0 | L75: 1 | M75: 2 | N75: 0 | O75: 1 | R75: Грузия | S75: Georgia
B76: =CHOOSE('FIX PRICE'!$L$2,R76,S76) -> Кыргызстан | C76: 3 | D76: 1 | E76: 0 | F76: 0 | G76: -1 | H76: 1 | I76: 0 | J76: 1 | K76: 0 | L76: -1 | M76: 0 | N76: 0 | O76: -2 | R76: Кыргызстан | S76: Kyrgyzstan
B77: =CHOOSE('FIX PRICE'!$L$2,R77,S77) -> Узбекистан | C77: 27 | D77: -23 | E77: 3 | F77: 0 | G77: 1 | H77: 1 | I77: 0 | J77: 0 | K77: 0 | L77: 1 | M77: 2 | N77: 1 | O77: 0 | R77: Узбекистан | S77: Uzbekistan
B78: =CHOOSE('FIX PRICE'!$L$2,R78,S78) -> Монголия | C78: 0 | D78: 0 | E78: 3 | F78: 0 | G78: 1 | H78: 0 | I78: 0 | J78: 0 | K78: 0 | L78: 0 | M78: -1 | N78: 0 | O78: -1 | R78: Монголия | S78: Mongolia
B79: =CHOOSE('FIX PRICE'!$L$2,R79,S79) -> Армения | C79: 0 | D79: 0 | E79: 2 | F79: 0 | G79: 2 | H79: 1 | I79: 0 | J79: 0 | K79: 0 | L79: 1 | M79: 1 | N79: 0 | O79: 0 | R79: Армения | S79: Armenia
B81: =CHOOSE('FIX PRICE'!$L$2,R81,S81) -> Чистый прирост магазинов в других странах | C81: 173 | D81: 94 | E81: 83 | F81: 14 | G81: 30 | H81: 22 | I81: 39 | J81: 19 | K81: 29 | L81: 24 | M81: 30 | N81: 16 | O81: 20 | R81: Чистый прирост магазинов в других странах | S81: Other countries total, net openings
B83: =CHOOSE('FIX PRICE'!$L$2,R83,S83) -> Чистый прирост магазинов под управлением Компании и франчайзинговых магазинов | C83: 727 | D83: 747 | E83: 741 | F83: 132 | G83: 177 | H83: 169 | I83: 271 | J83: 118 | K83: 182 | L83: 150 | M83: 251 | N83: 94 | O83: 165 | R83: Чистый прирост магазинов под управлением Компании и франчайзинговых магазинов | S83: TOTAL NUMBER OF NET OPENINGS OF COMPANY-OPERATED AND FRANCHISE STORES

Sheet 9
B2: =CHOOSE('FIX PRICE'!$L$2,Z2,AA2) -> Like-for-Like показатели | C2: =CHOOSE('FIX PRICE'!$L$2,Z3,AA3) -> Содержание | Z2: Like-for-Like показатели | AA2: Like-for-Like Metrics
Z3: Содержание | AA3: Table of Contents
B5: =CHOOSE('FIX PRICE'!$L$2,Y5,Z5) -> Динамика в %, год к году | C5: 2021 | D5: 2022 | E5: 2023 | F5: 2024 | G5: 2025 | I5: 9М 2024 | J5: 9М 2025 | L5: =CHOOSE('FIX PRICE'!$L$2,AB6,AB5) -> 1П 2024 | M5: =CHOOSE('FIX PRICE'!$L$2,AC6,AC5) -> 1П 2025 | N5: =CHOOSE('FIX PRICE'!$L$2,AD6,AD5) -> 1П 2026 | P5: =CHOOSE('FIX PRICE'!$L$2,AF6,AF5) -> 3КВ 2024 | Q5: =CHOOSE('FIX PRICE'!$L$2,AG6,AG5) -> 4КВ 2024 | R5: =CHOOSE('FIX PRICE'!$L$2,AH6,AH5) -> 1КВ 2025 | S5: =CHOOSE('FIX PRICE'!$L$2,AI6,AI5) -> 2КВ 2025 | T5: =CHOOSE('FIX PRICE'!$L$2,AJ6,AJ5) -> 3КВ 2025 | U5: =CHOOSE('FIX PRICE'!$L$2,AK6,AK5) -> 4КВ 2025 | V5: =CHOOSE('FIX PRICE'!$L$2,AL6,AL5) -> 1КВ 2026 | W5: =CHOOSE('FIX PRICE'!$L$2,AM6,AM5) -> 2КВ 2026 | Y5: Динамика в %, год к году | Z5: % change, year-on-year | AB5: H1 2024 | AC5: H1 2025 | AD5: H1 2026 | AF5: 3Q 2024 | AG5: 4Q 2024 | AH5: 1Q 2025 | AI5: 2Q 2025 | AJ5: 3Q 2025 | AK5: 4Q 2025 | AL5: 1Q 2026 | AM5: 2Q 2026
B6: =CHOOSE('FIX PRICE'!$L$2,Y6,Z6) -> Like-for-like продажи | C6: 0.082 | D6: 0.122 | E6: -0.054 | F6: 0.008 | G6: 0.003 | I6: 0.003 | J6: 0.01 | L6: 0.005 | M6: 0.006 | N6: 0.018 | P6: 0.001 | Q6: 0.018 | R6: 0.005 | S6: 0.007 | T6: 0.017 | U6: -0.013 | V6: -0.003 | W6: 0.037 | Y6: Like-for-like продажи | Z6: Like-for-like sales | AB6: 1П 2024 | AC6: 1П 2025 | AD6: 1П 2026 | AF6: 3КВ 2024 | AG6: 4КВ 2024 | AH6: 1КВ 2025 | AI6: 2КВ 2025 | AJ6: 3КВ 2025 | AK6: 4КВ 2025 | AL6: 1КВ 2026 | AM6: 2КВ 2026
B7: =CHOOSE('FIX PRICE'!$L$2,Y7,Z7) -> Like-for-like трафик | C7: 0.036 | D7: -0.02 | E7: -0.073 | F7: -0.033 | G7: -0.044 | I7: -0.037 | J7: -0.043 | L7: -0.037 | M7: -0.043 | N7: -0.039 | P7: -0.038 | Q7: -0.022 | R7: -0.03 | S7: -0.055 | T7: -0.042 | U7: -0.045 | V7: -0.058 | W7: -0.022 | Y7: Like-for-like трафик | Z7: Like-for-like traffic
B8: =CHOOSE('FIX PRICE'!$L$2,Y8,Z8) -> Like-for-like средний чек | C8: 0.044 | D8: 0.144 | E8: 0.021 | F8: 0.042 | G8: 0.049 | I8: 0.043 | J8: 0.055 | L8: 0.044 | M8: 0.052 | N8: 0.059 | P8: 0.04 | Q8: 0.041 | R8: 0.036 | S8: 0.066 | T8: 0.062 | U8: 0.033 | V8: 0.058 | W8: 0.06 | Y8: Like-for-like средний чек | Z8: Like-for-like average ticket

Sheet 10
B2: =CHOOSE('FIX PRICE'!$L$2,J2,K2) -> Операционные данные | C2: =CHOOSE('FIX PRICE'!$L$2,J3,K3) -> Содержание | J2: Операционные данные | K2: Other Operating Metrics
J3: Содержание | K3: Table of Contents
B5: =CHOOSE('FIX PRICE'!$L$2,J5,K5) -> Численность персонала | C5: 2021 | D5: 2022 | E5: 2023 | F5: 2024 | G5: 2025 | J5: Численность персонала | K5: Number of employees
B6: =CHOOSE('FIX PRICE'!$L$2,J6,K6) -> Общая среднесписочная численность персонала Группы* | C6: 30540 | D6: 35875 | E6: 38050 | F6: 40767 | G6: 45234 | J6: Общая среднесписочная численность персонала Группы* | K6: Total average headcount of the Group*
B7: =CHOOSE('FIX PRICE'!$L$2,J7,K7) -> Сотрудники магазинов | C7: 26635 | D7: 31536 | E7: 33675 | F7: 36251 | G7: 40459 | J7: Сотрудники магазинов | K7: Store staff
B8: =CHOOSE('FIX PRICE'!$L$2,J8,K8) -> Сотрудники РЦ | C8: 2599 | D8: 2830 | E8: 2790 | F8: 2799 | G8: 2893 | J8: Сотрудники РЦ | K8: DC staff
B9: =CHOOSE('FIX PRICE'!$L$2,J9,K9) -> Офисные работники | C9: 1306 | D9: 1509 | E9: 1585 | F9: 1717 | G9: 1882 | J9: Офисные работники | K9: Office staff
B12: =CHOOSE('FIX PRICE'!$L$2,J12,K12) -> Данные по ассортименту** | C12: 2021 | D12: 2022 | E12: 2023 | F12: 2024 | G12: 2025 | J12: Данные по ассортименту** | K12: Assortment**
B13: =CHOOSE('FIX PRICE'!$L$2,J13,K13) -> Структура категорий товаров, доля в розничных продажах, %*** | J13: Структура категорий товаров, доля в розничных продажах, %*** | K13: Category mix, % of retail sales***
B14: =CHOOSE('FIX PRICE'!$L$2,J14,K14) -> Продовольственные товары | J14: Продовольственные товары | K14: Food
B15: =CHOOSE('FIX PRICE'!$L$2,J15,K15) -> Продукты питания и напитки | C15: 0.28 | D15: 0.28 | E15: 0.26 | F15: 0.27 | G15: 0.31 | J15: Продукты питания и напитки | K15: Food and drinks
B16: =CHOOSE('FIX PRICE'!$L$2,J16,K16) -> Бытовая химия и гигиена | J16: Бытовая химия и гигиена | K16: Household chemicals and hygiene
B17: =CHOOSE('FIX PRICE'!$L$2,J17,K17) -> Косметика и товары гигиены | C17: 0.15 | D17: 0.18 | E17: 0.17 | F17: 0.17 | G17: 0.16 | J17: Косметика и товары гигиены | K17: Cosmetics and hygiene
B18: =CHOOSE('FIX PRICE'!$L$2,J18,K18) -> Бытовая химия | C18: 0.07 | D18: 0.08 | E18: 0.08 | F18: 0.08 | G18: 0.07 | J18: Бытовая химия | K18: Household chemicals
B19: =CHOOSE('FIX PRICE'!$L$2,J19,K19) -> Непродовольственные товары | J19: Непродовольственные товары | K19: Non-food
B20: =CHOOSE('FIX PRICE'!$L$2,J20,K20) -> Товары для дома | C20: 0.19 | D20: 0.18 | E20: 0.2 | F20: 0.2 | G20: 0.19 | J20: Товары для дома | K20: Household goods
B21: =CHOOSE('FIX PRICE'!$L$2,J21,K21) -> Канцелярия | C21: 0.06 | D21: 0.06 | E21: 0.06 | F21: 0.06 | G21: 0.06 | J21: Канцелярия | K21: Stationery and books
B22: =CHOOSE('FIX PRICE'!$L$2,J22,K22) -> Товары для праздника | C22: 0.06 | D22: 0.05 | E22: 0.06 | F22: 0.06 | G22: 0.06 | J22: Товары для праздника | K22: Party and celebration
B23: =CHOOSE('FIX PRICE'!$L$2,J23,K23) -> Одежда | C23: 0.05 | D23: 0.05 | E23: 0.05 | F23: 0.04 | G23: 0.04 | J23: Одежда | K23: Clothes
B24: =CHOOSE('FIX PRICE'!$L$2,J24,K24) -> Игрушки | C24: 0.04 | D24: 0.04 | E24: 0.03 | F24: 0.03 | G24: 0.02 | J24: Игрушки | K24: Toys
B25: =CHOOSE('FIX PRICE'!$L$2,J25,K25) -> Аксессуары | C25: 0.03 | D25: 0.03 | E25: 0.03 | F25: 0.03 | G25: 0.03 | J25: Аксессуары | K25: Accessories
B26: =CHOOSE('FIX PRICE'!$L$2,J26,K26) -> Прочее**** | C26: 0.06 | D26: 0.05 | E26: 0.06 | F26: 0.06 | G26: 0.06 | J26: Прочее**** | K26: Others****
B28: =CHOOSE('FIX PRICE'!$L$2,J28,K28) -> Ценовые категории*** | J28: Ценовые категории*** | K28: Fix Price’s price points***
B29: =CHOOSE('FIX PRICE'!$L$2,J29,K29) -> Доля в SKU, % | J29: Доля в SKU, % | K29: as % of SKUs
B30: =CHOOSE('FIX PRICE'!$L$2,J30,K30) -> До 100 руб. | C30: 0.53 | D30: 0.457 | E30: 0.4 | F30: 0.293 | G30: 0.223 | J30: До 100 руб. | K30: Under RUB 100
B31: =CHOOSE('FIX PRICE'!$L$2,J31,K31) -> 100-200 руб. | C31: 0.186 | D31: 0.094 | E31: 0.085 | F31: 0.138 | G31: 0.118 | J31: 100-200 руб. | K31: RUB 100-200
B32: =CHOOSE('FIX PRICE'!$L$2,J32,K32) -> 200-300 руб. | C32: 0.078 | D32: 0.028 | E32: 0.03 | F32: 0.107 | G32: 0.118 | J32: 200-300 руб. | K32: RUB 200-300
B33: =CHOOSE('FIX PRICE'!$L$2,J33,K33) -> Выше 300 руб. | C33: 0 | D33: 0.005 | E33: 0.007 | F33: 0.04 | G33: 0.058 | J33: Выше 300 руб. | K33: From RUB 300
B34: =CHOOSE('FIX PRICE'!$L$2,J34,K34) -> Дробные до 100 руб. | C34: 0.196 | D34: 0.411 | E34: 0.368 | F34: 0.116 | G34: 0.089 | J34: Дробные до 100 руб. | K34: Fractional under RUB 100
B35: =CHOOSE('FIX PRICE'!$L$2,J35,K35) -> Дробные выше 100 руб. | C35: 0 | D35: 0 | E35: 0.11 | F35: 0.303 | G35: 0.395 | J35: Дробные выше 100 руб. | K35: Fractional above RUB 100
B36: =CHOOSE('FIX PRICE'!$L$2,J36,K36) -> Прочее | C36: 0.01 | D36: 0.006 | E36: 0 | F36: 0.003 | G36: 0 | J36: Прочее | K36: Other
B38: =CHOOSE('FIX PRICE'!$L$2,J38,K38) -> Доля в розничных продажах, % | J38: Доля в розничных продажах, % | K38: as % of retail sales
B39: =CHOOSE('FIX PRICE'!$L$2,J39,K39) -> До 100 руб. | C39: 0.556 | D39: 0.502 | E39: 0.416 | F39: 0.287 | G39: 0.211 | J39: До 100 руб. | K39: Under RUB 100
B40: =CHOOSE('FIX PRICE'!$L$2,J40,K40) -> 100-200 руб. | C40: 0.198 | D40: 0.222 | E40: 0.195 | F40: 0.155 | G40: 0.12 | J40: 100-200 руб. | K40: RUB 100-200
B41: =CHOOSE('FIX PRICE'!$L$2,J41,K41) -> 200-300 руб. | C41: 0.072 | D41: 0.11 | E41: 0.11 | F41: 0.117 | G41: 0.13 | J41: 200-300 руб. | K41: RUB 200-300
B42: =CHOOSE('FIX PRICE'!$L$2,J42,K42) -> Выше 300 руб. | C42: 0 | D42: 0.023 | E42: 0.034 | F42: 0.051 | G42: 0.08 | J42: Выше 300 руб. | K42: From RUB 300
B43: =CHOOSE('FIX PRICE'!$L$2,J43,K43) -> Дробные до 100 руб. | C43: 0.17 | D43: 0.139 | E43: 0.125 | F43: 0.097 | G43: 0.075 | J43: Дробные до 100 руб. | K43: Fractional under RUB 100
B44: =CHOOSE('FIX PRICE'!$L$2,J44,K44) -> Дробные выше 100 руб. | C44: 0 | D44: 0 | E44: 0.12 | F44: 0.292 | G44: 0.384 | J44: Дробные выше 100 руб. | K44: Fractional above RUB 100
B45: =CHOOSE('FIX PRICE'!$L$2,J45,K45) -> Прочее | C45: 0.004 | D45: 0.003 | E45: 0.001 | F45: 0.001 | G45: 0 | J45: Прочее | K45: Other
B47: =CHOOSE('FIX PRICE'!$L$2,J47,K47) -> Доля импорта | J47: Доля импорта | K47: Share of import
B48: =CHOOSE('FIX PRICE'!$L$2,J48,K48) -> Доля в розничных продажах, % | J48: Доля в розничных продажах, % | K48: Share in retail sales, %
B49: =CHOOSE('FIX PRICE'!$L$2,J49,K49) -> Российские поставщики | C49: 0.7204 | D49: 0.761 | E49: 0.7678 | F49: 0.7561 | G49: 0.765 | J49: Российские поставщики | K49: Russian suppliers
B50: =CHOOSE('FIX PRICE'!$L$2,J50,K50) -> Иностранные поставщики | C50: 0.2796 | D50: 0.239 | E50: 0.2322 | F50: 0.2439 | G50: 0.235 | J50: Иностранные поставщики | K50: Foreign suppliers
B51: =CHOOSE('FIX PRICE'!$L$2,J51,K51) -> Доля в себестоимости, % | J51: Доля в себестоимости, % | K51: Share in COGS, %
B52: =CHOOSE('FIX PRICE'!$L$2,J52,K52) -> Российские поставщики | C52: 0.745 | D52: 0.7747 | E52: 0.7852 | F52: 0.7734 | G52: 0.782 | J52: Российские поставщики | K52: Russian suppliers
B53: =CHOOSE('FIX PRICE'!$L$2,J53,K53) -> Иностранные поставщики | C53: 0.2549 | D53: 0.2252 | E53: 0.2147 | F53: 0.2265 | G53: 0.218 | J53: Иностранные поставщики | K53: Foreign suppliers
B56: =CHOOSE('FIX PRICE'!$L$2,J56,K56) -> Программа лояльности***** | C56: 2021 | D56: 2022 | E56: 2023 | F56: 2024 | G56: 2025 | J56: Программа лояльности***** | K56: Loyalty Programme*****
B57: =CHOOSE('FIX PRICE'!$L$2,J57,K57) -> Количество участников программы лояльности, млн человек | C57: 16.98 | D57: 21.9 | E57: 25.7 | F57: 28.8 | G57: 32.9 | J57: Количество участников программы лояльности, млн человек | K57: Number of loyalty cardholders, mln people
B58: =CHOOSE('FIX PRICE'!$L$2,J58,K58) -> Доля ПЛ в розничных продажах, % | C58: 0.4593 | D58: 0.5573 | E58: 0.6198 | F58: 0.6042 | G58: 0.7105 | J58: Доля ПЛ в розничных продажах, % | K58: Share of LP in retail sales, %
B60: =CHOOSE('FIX PRICE'!$L$2,J60,K60) -> * Персонал ПАО "Фикс Прайс", включая персонал подрядных организаций | J60: * Персонал ПАО "Фикс Прайс", включая персонал подрядных организаций | K60: * Total personnel of PJSC Fix Price, including contractors
B61: =CHOOSE('FIX PRICE'!$L$2,J61,K61) -> ** Данные в этом разделе посчитаны для магазинов под управлением Компании в РФ | J61: ** Данные в этом разделе посчитаны для магазинов под управлением Компании в РФ | K61: ** The data in this section refers to Company-operated stores in Russia
B62: =CHOOSE('FIX PRICE'!$L$2,J62,K62) -> *** Сумма показателей может быть не равна 100% из-за округлений | J62: *** Сумма показателей может быть не равна 100% из-за округлений | K62: *** Percentages may not add up to 100% due to rounding
B63: =CHOOSE('FIX PRICE'!$L$2,J63,K63) -> **** К «Прочему» относится электроника, товары для здорового образа жизни, аксессуары для автомобилей, товары для домашних животных и прочие промтовары | J63: **** К «Прочему» относится электроника, товары для здорового образа жизни, аксессуары для автомобилей, товары для домашних животных и прочие промтовары | K63: **** Others include electronics, healthy lifestyle, car accessories, pet supplies, and other general merchandise
B64: =CHOOSE('FIX PRICE'!$L$2,J64,K64) -> ***** Все данные по программе лояльности рассчитаны для магазинов Fix Price, работающих в России | J64: ***** Все данные по программе лояльности рассчитаны для магазинов Fix Price, работающих в России | K64: ***** Loyalty programme data is calculated for Fix Price stores operating in Russia
B65: **** К «Прочему» относится электроника, товары для здорового образа жизни, аксессуары для автомобилей, товары для домашних животных и прочие промтовары
B66: ***** Все данные по программе лояльности рассчитаны для магазинов Fix Price, работающих в России
